 Dungeon Crawl Stone Soup version 0.21.1-1-g345015fe64 (webtiles) character file.

615677 KleinerIrrer the Executioner (level 27, -4/223 (243) HPs)
             Began as a Formicid Fighter on Apr 4, 2018.
             Was the Champion of the Shining One.
             Killed by divine providence
             ... invoked by a mummy priest
              (13 damage)
             ... on level 3 of the Tomb of the Ancients.
             The game lasted 00:32:59 (73525 turns).

KleinerIrrer the Executioner (Formicid Fighter)    Turns: 73525, Time: 00:33:00

HP:   -4/223 (243)  AC: 48    Str: 36      XL:     27
MP:   28/32         EV: 14    Int: 11      God:    the Shining One [******]
Gold: 5239          SH: 28    Dex: 12 (13) Spells: 26/26 levels left

rFire    + + .     SeeInvis +   a - +9 executioner's axe (holy)
rCold    + . .     Gourm    .   x - +0 large shield of Fallacy {rF+ Str+3}
rNeg     + + +     Faith    .   I - +1 gold dragon scales
rPois    +         Spirit   .   (helmet unavailable)
rElec    +         Reflect  +   t - +2 cloak {MR+}
rCorr    .         Harm     .   B - +0 pair of gloves "Gistriah" {rElec rN+ Int+2 Dex+3}
MR       +++..                  i - +2 pair of boots {Fly}
Stlth    ..........             G - +5 amulet of reflection
HPRegen  0.00/turn              H - +6 ring of protection
MPRegen  0.23/turn              A - +5 ring of protection

@: lethally poisoned (-4 -> -24), flying, non-regenerating, badly diseased,
glowing
A: permanent stasis, dig shafts and tunnels, four strong arms, antennae 3
}: 3/15 runes: decaying, serpentine, silver
a: Dig, Shaft Self, Divine Shield, Cleansing Flame, Summon Divine Warrior,
Renounce Religion, Stop Flying


You were on level 3 of the Tomb of the Ancients.
You worshipped the Shining One.
The Shining One was exalted by your worship.
You were not hungry.

You visited 10 branches of the dungeon, and saw 48 of its levels.

You collected 7504 gold pieces.
You spent 2265 gold pieces at shops.


Innate Abilities, Weirdness & Mutations

You cannot be hasted, slowed, berserked, paralysed or teleported.
You can dig through walls and to a lower floor.
Your four strong arms can wield two-handed weapons with a shield.
You have a pair of large antennae on your head. (SInv)


   Skills:
 - Level 25.6 Fighting
 - Level 26.0 Axes
 + Level 25.4 Armour
 - Level 11.0 Dodging
 - Level 15.0 Shields
 - Level 12.0 Invocations


You had 26 spell levels left.
You didn't know any spells.

Inventory:

Hand Weapons
 a - a +9 executioner's axe of holy wrath (weapon)
Armour
 c - a +2 cloak of poison resistance
 g - a +2 large shield of reflection
 i - a +2 pair of boots of flying (worn)
 k - a scarf of resistance
 o - a +2 pair of gloves of archery
 p - +3 storm dragon scales {Bai Suzhen}
 q - the +1 cloak of a sewer {rN+ Dex+3}
   (Okawaru gifted it to you on level 15 of the Dungeon)

   It affects your dexterity (+3).
   It protects you from negative energy.
 t - a +2 cloak of magic resistance (worn)
 v - +3 fire dragon scales {Xtahua}
 x - the +0 large shield of Fallacy (worn) {rF+ Str+3}
   (You took it off a daeva on level 5 of the Depths)

   It affects your strength (+3).
   It protects you from fire.
 y - a +4 plate armour
 B - the +0 pair of gloves "Gistriah" (worn) {rElec rN+ Int+2 Dex+3}
   (Okawaru gifted it to you on level 5 of the Vaults)

   It affects your intelligence (+2).
   It affects your dexterity (+3).
   It insulates you from electricity.
   It protects you from negative energy.
 I - +1 gold dragon scales (worn)
Jewellery
 d - the amulet "Appephor" {Reflect -Tele rPois Int+7 SH+4}
   (You took it off a deep elf death mage on level 4 of the Depths)

   [amulet of reflection]

   It shields you and reflects attacks.
   It affects your intelligence (+7).
   It protects you from poison.
   It prevents most forms of teleportation.
   It affects your SH (+4).
 A - a +5 ring of protection (right hand)
 D - the amulet of Qyuh {Gourm -Tele +Inv rF+ Slay+2}
   (You found it on level 5 of the Vaults)

   [amulet of the gourmand]

   It allows you to eat raw meat even when not hungry.
   It affects your accuracy and damage with ranged weapons and melee attacks
   (+2).
   It protects you from fire.
   It lets you turn invisible.
   It prevents most forms of teleportation.
 G - a +5 amulet of reflection (around neck)
 H - a +6 ring of protection (left hand)
 J - an uncursed ring of protection from fire
 L - the ring "Con Roimeto" {rPois rF+ rN+ MP+9}
   (You took it off an entropy weaver on level 5 of the Vaults)

   [ring of magical power]

   It protects you from fire.
   It protects you from poison.
   It protects you from negative energy.
   It affects your magic capacity (+9).
Wands
 h - a wand of digging (23)
Scrolls
 b - 37 scrolls of identify
 j - 28 scrolls of remove curse
 l - a scroll of teleportation
 u - 3 scrolls of brand weapon
 z - 5 scrolls of enchant weapon
Potions
 f - 4 potions of cancellation
 m - 11 potions of might
 n - 4 potions of mutation
 r - a potion of haste
 s - 18 potions of curing
 C - 2 potions of resistance
Comestibles
 e - 69 rations

Dungeon Overview and Level Annotations

Branches:
Dungeon (15/15)            Temple (1/1) D:4            Lair (6/6) D:10
  Swamp (4/4) Lair:3        Snake (4/4) Lair:4        Slime (0/5) Lair:6
    Orc (2/2) D:10            Elf (0/3) Orc:2        Vaults (5/5) D:14
  Crypt (3/3) Vaults:2       Tomb (3/3) Crypt:3      Depths (5/5) D:15
    Zot (0/5) Depths:5

Altars:
Ashenzari
Cheibriados
Dithmenos
Elyvilon
Fedhas
Gozag
Hepliaklqana
Kikubaaqudgha
Makhleb
Nemelex Xobeh
Okawaru
Qazlal
Ru
Sif Muna
Trog
Uskayaw
Vehumet
Wu Jian
Xom
Yredelemnul
Zin
The Shining One
Beogh

Shops:
D:11 *   D:12 :   D:14 (   D:15 ?   Orc:2 [}}*   Snake:1 ?   Vaults:1 %
Vaults:3 !   Vaults:4 [   Depths:5 }}=

Portals:
Hell: Depths:1 Depths:2 Depths:3 Depths:4 Depths:5
Abyss: Depths:3 Depths:4
Pandemonium: Depths:3 Depths:4 Depths:5
Ziggurat: Depths:5
Trove: Depths:3 (give horn of Geryon)

Annotations:
D:13 2 runed doors
Depths:5 6 runed doors


Message History

The dire elephant zombie is moderately damaged.
You slice the hungry ghost!!
The hungry ghost convulses!
You destroy the hungry ghost!
You hit the spectral anaconda.
The spectral anaconda convulses.
You are engulfed in dark miasma.
You are lethally poisoned!
You feel your flesh rotting away!
You feel ill.
You feel sick.
You block the spectral anaconda's attack. x2
The freezing wraith hits your daeva. The freezing wraith freezes your daeva!
The freezing wraith hits your daeva!
The freezing wraith drains your daeva's vigour!
Your daeva seems to slow down.
The dire elephant zombie barely misses you.
You block the dire elephant zombie's attack.
Your daeva calls down the wrath of the Shining One upon the freezing wraith.
The freezing wraith is smitten.
The mummy priest calls down the wrath of its god upon you.
Something smites you!
You die...

#.Z....#.{..
#.M.Z8M#..
+..M8MMM{
#.3.8ZM#{
#.Vb.M8#
#.M8%M¤#


#.ZWMZM# #..WAZZ# #.....@# ######## You could see a bennu, 4 mummy priests, 5
guardian mummies, 5 ushabtiu, a freezing wraith, a spectral anaconda, a smoke
demon, a vampire, a wraith, 3 mummies, an alligator zombie, a dire elephant
zombie, an ettin zombie, a frost giant zombie, a frost giant skeleton and a
friendly daeva.

Vanquished Creatures
  2 juggernauts (Depths:4)
  An ancient lich (Tomb:2)
  16 greater mummies
  Boris (Vaults:5)
  Bai Suzhen (Crypt:2)
  Margery (Vaults:4)
  Saint Roka (Crypt:2)
  A caustic shrike (Depths:2)
  Nikola (Swamp:2)
  4 golden dragons (Depths:5)
  Jory (Vaults:3)
  A bone dragon (Depths:5)
  Rupert (Lair:4)
  The ghost of BrokenGlass the Eclecticist, an adept DEFE of Gozag (Vaults:5)
  2 tentacled monstrosities
  5 deep elf master archers
  Asterion (Snake:3)
  5 deep elf blademasters
  9 liches
  8 ancient champions
  2 quicksilver dragons
  10 titans
  Agnes (Snake:3)
  5 tengu reavers
  Kirke (Lair:4)
  8 sphinxes
  2 storm dragons
  2 thorn hunters
  7 shadow dragons
  7 nagarajas
  The ghost of DildoBatman the Bewitcher, an adept FoEn of Sif Muna (Swamp:1)
  3 revenants
  15 fire giants
  A deep elf sorcerer (Depths:4)
  2 daevas (Depths:5)
  22 frost giants
  A draconian scorcher (Depths:5)
  9 vault wardens
  An iron dragon (Vaults:5)
  A draconian knight (Depths:5)
  6 curse skulls
  Louise (Depths:3)
  A deep elf elementalist (Depths:4)
  A draconian stormcaller (Depths:5)
  A reaper (Crypt:2)
  38 stone giants
  2 war gargoyles (Vaults:5)
  5 spriggan defenders
  4 ghouls
  2 entropy weavers
  21 ironheart preservers
  24 very ugly things
  14 vampire knights
  12 bennus
  A caustic shrike skeleton (Crypt:1)
  2 green draconians
  7 black draconians
  A dire elephant (shapeshifter) (Depths:4)
  Nessos (Lair:5)
  4 deep elf annihilators
  2 red draconians
  2 white draconians
  6 yellow draconians
  2 spark wasps (Depths:2)
  A blizzard demon (Depths:4)
  4 purple draconians (Depths:5)
  20 ettins
  A spectral quicksilver dragon (Crypt:3)
  11 eidola
  18 mummy priests
  13 fire dragons
  13 yaktaur captains
  8 deep elf death magi
  28 jiangshi
  A spectral golden dragon (Crypt:3)
  2 quicksilver dragon zombies
  A merfolk impaler (Depths:1)
  The ghost of Ursun the Fencer, a journeyman BaFi of the Shining One (Lair:1)
  A deep elf high priest (Vaults:5)
  15 ice dragons
  16 hydras
  10 great orbs of eyes
  A hell beast (Depths:3)
  30 vault guards
  3 rakshasas
  5 spriggan air magi
  9 naga warriors
  3 ghost crabs
  23 anacondas
  9 centaur warriors
  9 death knights
  13 ogre magi
  8 alligators
  A catoblepas (D:14)
  A merfolk avatar (Lair:6)
  34 two-headed ogres
  47 death scarabs
  5 spriggan berserkers
  The ghost of Gitz the Cleaver, a novice DsBe of Trog (D:8)
  11 deep troll shamans
  8 tengu warriors
  16 vampire magi
  10 hell knights
  8 deep troll earth magi
  10 naga sharpshooters
  An orc high priest (Orc:2)
  6 soul eaters
  6 shock serpents
  15 deep elf knights
  23 skeletal warriors
  4 iron trolls (Depths:2)
  The ghost of Ursun the Covert, a novice NaEn of Cheibriados (D:6)
  3 salamander mystics
  20 shadow wraiths
  A fire crab (Swamp:4)
  2 golden dragon zombies
  A sixfirhy (Depths:3)
  9 swamp dragons
  6 unseen horrors
  5 sea snakes
  3 glowing orange brains
  7 naga ritualists
  2 spriggan druids
  8 deep elf archers
  42 deep trolls
  An iron giant skeleton (Crypt:1)
  A shambling mangrove (Swamp:3)
  12 flayed ghosts
  A swamp dragon (shapeshifter) (Vaults:4)
  6 wizards
  A spectral wolf spider (Crypt:3)
  34 ugly things
  15 ironbrand convokers
  An anaconda skeleton (Crypt:3)
  11 necromancers
  26 phantasmal warriors
  2 lindwurms
  17 orc knights
  An orb spider (shapeshifter) (Depths:2)
  A shadow dragon zombie (D:15)
  14 harpies
  5 wolf spiders
  2 frost giant zombies
  13 salamanders
  3 orc sorcerers
  7 mana vipers
  2 manticores
  A faun (shapeshifter) (Depths:4)
  20 deep elf magi
  6 oklob plants
  A moth of wrath (shapeshifter) (Depths:4)
  2 cyclopes (shapeshifter)
  An elephant (shapeshifter) (Vaults:2)
  17 elephants
  10 cyclopes
  A frost giant skeleton (Tomb:2)
  11 guardian serpents
  A torpor snail (Lair:6)
  2 fire giant skeletons
  25 naga magi
  8 vault sentinels
  A guardian serpent (shapeshifter) (Vaults:4)
  2 rust devils
  An eye of devastation (shapeshifter) (Vaults:1)
  2 smoke demons
  A spiny frog (shapeshifter) (Depths:2)
  39 black mambas
  A black mamba (shapeshifter) (Vaults:2)
  20 spiny frogs
  6 rime drakes
  A swamp worm zombie (Crypt:1)
  2 centaur skeletons
  16 komodo dragons
  An orange demon (Depths:5)
  A hellion (Depths:2)
  A komodo dragon (shapeshifter) (Depths:3)
  2 efreet
  46 yaktaurs
  18 freezing wraiths
  A hellwing (Depths:4)
  A tormentor (Depths:5)
  An entropy weaver simulacrum (Vaults:3)
  34 guardian mummies
  An ice devil (Depths:3)
  5 tengu conjurers
  5 trolls
  3 meliai (Lair:5)
  A jumping spider (Vaults:4)
  A merfolk (shapeshifter) (Vaults:1)
  A queen bee (Lair:5)
  2 wind drakes (Lair:6)
  The ghost of Name63 the Covered, an amateur GnWn of Ashenzari (D:4)
  8 tyrant leeches
  5 polar bears
  A harpy skeleton (Crypt:3)
  A fire dragon zombie (D:15)
  16 hornets
  A queen bee (shapeshifter) (Vaults:1)
  30 blink frogs
  2 hydra skeletons (Crypt:1)
  11 bog bodies
  A minotaur skeleton (Tomb:3)
  28 slime creatures
  An alligator zombie (Crypt:1)
  4 dream sheep (Lair:6)
  3 hippogriffs
  12 air elementals
  2 redbacks (shapeshifter)
  27 flying skulls
  49 yaks
  A human simulacrum (Vaults:2)
  9 shadows
  4 redbacks
  9 spriggans
  A ynoxinul (Depths:4)
  A spriggan (shapeshifter) (Depths:2)
  4 water elementals (Depths:1)
  A tarantella (Vaults:5)
  18 wraiths
  3 fire bats (Depths:2)
  A fire dragon skeleton (Crypt:1)
  9 ushabtiu
  An ettin skeleton (Crypt:3)
  4 hogs (Lair:4)
  A yak (shapeshifter) (Depths:1)
  A vampire (D:14)
  2 wyverns
  7 hungry ghosts
  3 steam dragons
  18 vampire mosquitoes
  A chaos spawn (Depths:3)
  A black mamba skeleton (Crypt:1)
  22 swamp worms
  68 nagas
  A spectral spiny frog (Crypt:3)
  A naga (shapeshifter) (Vaults:5)
  8 wargs
  A deep troll zombie (Crypt:3)
  2 acid dragons
  9 water moccasins
  A soldier ant (shapeshifter) (Vaults:1)
  11 insubstantial wisps
  A swamp worm (shapeshifter) (Vaults:5)
  A hell hound (Depths:2)
  50 orc warriors
  A floating eye (Depths:1)
  An ice beast (shapeshifter) (D:14)
  15 porcupines
  11 swamp drakes
  2 black bears
  Duvessa (D:7)
  An eye of draining (D:11)
  8 sky beasts
  4 ice beasts
  An ice dragon simulacrum (Crypt:1)
  A dream sheep zombie (Crypt:3)
  2 necrophages
  34 ogres
  9 wolves
  3 boggarts (Depths:2)
  20 crocodiles
  10 centaurs
  A komodo dragon zombie (Crypt:2)
  16 bullfrogs
  A gnoll sergeant (D:10)
  A water moccasin zombie (D:5)
  Dowan (D:7)
  2 wyvern skeletons
  A queen bee zombie (Crypt:1)
  2 scorpions
  A warg zombie (Crypt:3)
  23 killer bees
  An elf simulacrum (Vaults:1)
  15 wights
  A howler monkey (D:11)
  2 raiju skeletons (Crypt:2)
  3 electric eels
  A bullfrog zombie (D:12)
  10 crimson imps
  5 centaur zombies
  2 quasits
  A demonspawn zombie (Crypt:1)
  9 hounds
  6 jellies
  14 orc priests
  3 bullfrog skeletons
  5 iron imps
  18 orc wizards
  Jessica (D:2)
  2 iguanas
  10 worker ants
  A tengu zombie (Crypt:2)
  2 demigod skeletons
  2 hound zombies
  2 hound skeletons
  40 mummies
  A worker ant zombie (D:6)
  5 gnolls (D:10)
  A howler monkey skeleton (Crypt:2)
  8 adders
  6 river rats (D:5)
  6 shadow imps
  2 white imps (Depths:5)
  4 ufetubi
  4 oozes
  An adder zombie (D:10)
  An adder skeleton (D:6)
  A halfling skeleton (Crypt:3)
  A barachi skeleton (Crypt:1)
  A barachi zombie (Crypt:2)
  4 leopard geckos
  117 orcs
  A ball python (D:5)
  7 bats
  A giant cockroach (D:8)
  9 goblins
  7 hobgoblins
  11 jackals
  5 quokkas
  5 frilled lizards
  2 jackal zombies
  6 kobolds
  A kobold skeleton (Crypt:1)
  A quokka zombie (D:10)
  22 rats
  2 crawling corpses (Crypt:2)
  2 fire vortices
  5 fungi
  12 plants
  A withered plant (D:15)
2488 creatures vanquished.

Vanquished Creatures (collateral kills)
  3 greater mummies
  Xtahua (Crypt:2)
  A lich (Tomb:1)
  2 titans (Tomb:1)
  A deep elf master archer (Tomb:1)
  2 frost giants (Tomb:1)
  A curse skull (Crypt:2)
  A stone giant (Tomb:1)
  An eidolon (Crypt:2)
  A deep elf death mage (Crypt:2)
  5 mummy priests
  8 death scarabs (Tomb:1)
  2 vampire magi (Crypt:2)
  A soul eater (Crypt:2)
  A deep elf knight (Tomb:1)
  2 shadow wraiths (Crypt:3)
  A skeletal warrior (Crypt:2)
  A flayed ghost (Crypt:3)
  2 phantasmal warriors
  A deep elf mage (Tomb:1)
  5 guardian mummies
  A hydra skeleton (Crypt:2)
  A fire dragon skeleton (Crypt:2)
  5 flying skulls
  5 ushabtiu (Tomb:2)
  An infernal demonspawn zombie (Crypt:2)
  A wight (Crypt:2)
  3 mummies
60 creatures vanquished.

Vanquished Creatures (others)
  A deep elf master archer (Crypt:2)
  A spriggan defender (Depths:4)
  3 stone giants
  2 spriggan air magi (Depths:5)
  4 death scarabs (Tomb:1)
  2 naga sharpshooters
  3 deep elf archers
  An orange crystal statue (Depths:3)
  A spiny frog (Lair:6)
  4 yaktaurs (Depths:3)
  A blink frog (Lair:6)
  6 flying skulls
  3 humans (Lair:4)
  A steam dragon (Swamp:4)
  A vampire mosquito (Swamp:2)
  An insubstantial wisp (Swamp:4)
  2 swamp drakes (Swamp:4)
  2 mummies (Tomb:2)
  An orc (Crypt:2)
  3 briar patches (Swamp:4)
  A bush (Lair:6)
  A butterfly (Lair:6)
  22 fungi
  33 plants
100 creatures vanquished.

Grand Total: 2648 creatures vanquished

Notes
Turn   | Place    | Note
-------+----------+-------------------------------------------
     0 | D:1      | KleinerIrrer the Formicid Fighter began the quest for the Orb.
     0 | D:1      | Reached XP level 1. HP: 18/18 MP: 1/1
     0 | D:1      | 0 ||| counter = 7
   116 | D:1      | Reached XP level 2. HP: 24/24 MP: 2/2
   398 | D:1      | Reached skill level 3 in Axes
   668 | D:1      | 668 ||| UPGRADING to runed plate armour.
   678 | D:1      | 678 ||| DROPPING +0 scale mail.
   679 | D:1      | 679 ||| READING scroll labeled OGOSUMU DUATH.
   680 | D:1      | 680 ||| READING scroll labeled HONAMO OSKA.
   681 | D:1      | 681 ||| READING scroll labeled GOEJAA XIAHOBUW.
   682 | D:1      | 682 ||| READING 2 scrolls labeled BUW BADUONOU.
   722 | D:2      | 722 ||| STAIRDANCE
   784 | D:2      | Reached XP level 3. HP: 26/29 MP: 3/3
   790 | D:2      | 790 ||| STAIRDANCE
   898 | D:2      | 898 ||| DROPPING club.
   908 | D:2      | Found a blossoming altar of Fedhas.
  1069 | D:2      | Noticed Jessica
  1074 | D:2      | Killed Jessica
  1074 | D:2      | Reached skill level 4 in Axes
  1074 | D:2      | Reached XP level 4. HP: 22/35 MP: 4/4
  1333 | D:2      | 1333 ||| READING scroll labeled ANTOOQ AVIMU.
  1334 | D:2      | 1334 ||| READING scroll labeled YBYKKO CIOCRORURUT.
  1335 | D:2      | 1335 ||| READING 3 scrolls of identify.
  1335 | D:2      | 1335 ||| IDENTIFYING green potion
  1336 | D:2      | 1336 ||| READING 2 scrolls of identify.
  1336 | D:2      | 1336 ||| IDENTIFYING coppery potion
  1337 | D:2      | 1337 ||| DROPPING potion of flight.
  1427 | D:3      | Reached XP level 5. HP: 16/41 MP: 5/5
  1435 | D:3      | HP: 10/41 [poisoned by an adder]
  1436 | D:3      | 1436 ||| DRINKING potion of heal wounds.
  1452 | D:3      | Reached skill level 5 in Axes
  1738 | D:3      | 1738 ||| UPGRADING to flail.
  1739 | D:3      | 1739 ||| SWAPPING to +0 war axe.
  1951 | D:3      | Reached XP level 6. HP: 22/47 MP: 6/6
  1982 | D:3      | HP: 11/47 [poisoned by an adder]
  2574 | D:3      | 2574 ||| READING scroll labeled YWOUNA SORO.
  2575 | D:3      | 2575 ||| READING 2 scrolls of identify.
  2575 | D:3      | 2575 ||| IDENTIFYING glowing coppery potion
  2576 | D:3      | 2576 ||| DROPPING potion of agility.
  2681 | D:4      | Reached skill level 6 in Axes
  2820 | D:4      | 2820 ||| READING scroll of enchant armour.
  2820 | D:4      | 2820 ||| ENCHANTING +0 plate armour.
  3053 | D:4      | Noticed Name63's ghost (amateur GnWn)
  3113 | D:4      | 3113 ||| STAIRDANCE
  3181 | D:3      | 3181 ||| UPGRADING to pair of gloves.
  3186 | D:3      | 3186 ||| DRINKING 2 glowing emerald potions.
  3187 | D:3      | 3187 ||| DROPPING potion of brilliance.
  3191 | D:4      | 3191 ||| STAIRDANCE
  3257 | D:4      | 3257 ||| STAIRDANCE
  3285 | D:3      | 3285 ||| EATING 6 rations.
  3289 | D:4      | 3289 ||| STAIRDANCE
  3373 | D:4      | 3373 ||| STAIRDANCE
  3480 | D:4      | 3480 ||| STAIRDANCE
  3629 | D:4      | 3629 ||| STAIRDANCE
  3707 | D:4      | 3707 ||| Shafted from D:3 to D:4.
  3709 | D:4      | 3709 ||| STAIRDANCE
  3711 | D:3      | 3711 ||| Successfully unshafted to D:3.
  3763 | D:4      | 3763 ||| Shafted from D:3 to D:4.
  3763 | D:4      | 3763 ||| STAIRDANCE
  3765 | D:3      | 3765 ||| Successfully unshafted to D:3.
  3863 | D:4      | Found a staircase to the Ecumenical Temple.
  3872 | Temple   | Entered the Ecumenical Temple
  3873 | Temple   | 3873 ||| Entered T.
  3916 | Temple   | Became a worshipper of Warmaster Okawaru
  4006 | D:4      | Reached skill level 1 in Dodging
  4041 | D:4      | Reached XP level 7. HP: 50/52 MP: 7/7
  4091 | D:4      | HP: 6/52 [Name63's ghost (8)]
  4097 | D:4      | HP: 1/52 [Name63's ghost (7)]
  4104 | D:4      | Killed Name63's ghost
  4533 | D:4      | 4533 ||| READING 3 scrolls of identify.
  4533 | D:4      | 4533 ||| IDENTIFYING fuming pink potion
  4534 | D:4      | 4534 ||| READING 2 scrolls of identify.
  4534 | D:4      | 4534 ||| IDENTIFYING sedimented pink potion
  4535 | D:4      | 4535 ||| DROPPING potion of ambrosia.
  4567 | D:5      | Entered Level 5 of the Dungeon
  4602 | D:5      | Reached * piety under Okawaru
  4734 | D:5      | Reached skill level 1 in Invocations
  4734 | D:5      | Reached XP level 8. HP: 63/63 MP: 7/9
  4746 | D:5      | 4746 ||| INVOKING Heroism.
  4759 | D:5      | Reached skill level 7 in Axes
  4767 | D:5      | 4767 ||| INVOKING Heroism.
  4780 | D:5      | Reached skill level 3 in Invocations
  4847 | D:5      | 4847 ||| INVOKING Heroism.
  5282 | D:5      | 5282 ||| INVOKING Heroism.
  5306 | D:5      | 5306 ||| INVOKING Heroism.
  5435 | D:5      | 5435 ||| STAIRDANCE
  5455 | D:4      | 5455 ||| STAIRDANCE
  5517 | D:3      | 5517 ||| UPGRADING to pair of boots.
  5522 | D:3      | 5522 ||| UPGRADING to twisted jasper amulet.
  5523 | D:3      | 5523 ||| REMOVING amulet of the gourmand.
  5524 | D:3      | 5524 ||| DROPPING amulet of the gourmand.
  5525 | D:3      | 5525 ||| READING scroll labeled WABLOWN PEALAG.
  5526 | D:3      | 5526 ||| DRINKING 2 dark potions.
  5635 | D:5      | 5635 ||| INVOKING Heroism.
  5971 | D:6      | Noticed Ursun's ghost (novice NaEn)
  5980 | D:6      | 5980 ||| INVOKING Heroism.
  5994 | D:6      | 5994 ||| DRINKING potion of curing.
  5994 | D:6      | 5994 ||| (to cure confusion)
  6006 | D:6      | Killed Ursun's ghost
  6006 | D:6      | Reached ** piety under Okawaru
  6006 | D:6      | Reached skill level 9 in Axes
  6006 | D:6      | Reached XP level 9. HP: 30/68 MP: 12/12
  6015 | D:6      | HP: 17/68 [poisoned by Ursun's ghost]
  6020 | D:6      | HP: 13/68 [poisoned by Ursun's ghost]
  6026 | D:6      | HP: 10/68 [poisoned by Ursun's ghost]
  6032 | D:6      | HP: 9/68 [poisoned by Ursun's ghost]
  6040 | D:6      | HP: 8/68 [poisoned by Ursun's ghost]
  6048 | D:6      | HP: 8/68 [poisoned by Ursun's ghost]
  6307 | D:6      | 6307 ||| EATING 8 rations.
  6417 | D:6      | 6417 ||| INVOKING Heroism.
  6428 | D:6      | Reached skill level 6 in Shields
  7080 | D:6      | 7080 ||| READING scroll labeled VOILOOREZA.
  7085 | D:7      | Noticed Duvessa
  7085 | D:7      | Noticed Dowan
  7091 | D:7      | 7091 ||| INVOKING Heroism.
  7098 | D:7      | Killed Dowan
  7101 | D:7      | Killed Duvessa
  7196 | D:7      | 7196 ||| EATING 8 rations.
  7222 | D:7      | 7222 ||| INVOKING Heroism.
  7279 | D:7      | Reached skill level 6 in Fighting
  7293 | D:7      | Reached *** piety under Okawaru
  7293 | D:7      | Reached XP level 10. HP: 76/76 MP: 13/13
  7379 | D:7      | Found a shimmering altar of Xom.
  7381 | D:7      | Found a bloodstained altar of Trog.
  7381 | D:7      | Found a shattered altar of Ashenzari.
  7389 | D:7      | Found a white marble altar of Elyvilon.
  7389 | D:7      | Found a snail-covered altar of Cheibriados.
  7389 | D:7      | Found an ancient bone altar of Kikubaaqudgha.
  7491 | D:7      | Reached skill level 10 in Axes
  7515 | D:7      | 7515 ||| INVOKING Heroism.
  7945 | D:7      | Reached skill level 6 in Armour
  8238 | D:7      | 8238 ||| SWAPPING to enchanted battleaxe.
  8247 | D:7      | 8247 ||| DROPPING +0 war axe.
  8248 | D:7      | 8248 ||| READING 4 scrolls of remove curse.
  8361 | D:7      | 8361 ||| UPGRADING to runed chain mail.
  8371 | D:7      | 8371 ||| UPGRADING to +1 plate armour.
  8381 | D:7      | 8381 ||| DROPPING +0 chain mail of magic resistance.
  8382 | D:7      | 8382 ||| UPGRADING to runed shield.
  8392 | D:7      | 8392 ||| READING 3 scrolls of remove curse.
  8393 | D:7      | 8393 ||| UPGRADING to +0 shield.
  8403 | D:7      | 8403 ||| DROPPING -2 shield.
  8404 | D:7      | 8404 ||| UPGRADING to small diamond ring.
  8405 | D:7      | 8405 ||| READING scroll labeled ZOPNEF VATIYWO.
  8406 | D:7      | 8406 ||| READING scroll labeled GATABIUNAL.
  8407 | D:7      | 8407 ||| DRINKING 2 inky potions.
  8408 | D:7      | 8408 ||| DROPPING potion of degeneration.
  8455 | D:8      | 8455 ||| STAIRDANCE
  8517 | D:8      | 8517 ||| EATING 15 rations.
  8521 | D:8      | 8521 ||| EATING 15 rations.
  8529 | D:8      | 8529 ||| EATING 14 rations.
  8613 | D:8      | 8613 ||| INVOKING Heroism.
  8618 | D:8      | Noticed Gitz's ghost (novice DsBe)
  8641 | D:8      | 8641 ||| INVOKING Heroism.
  8643 | D:8      | Killed Gitz's ghost
  8643 | D:8      | Reached **** piety under Okawaru
  8643 | D:8      | Reached skill level 9 in Shields
  8851 | D:8      | 8851 ||| STAIRDANCE
  8892 | D:7      | 8892 ||| UPGRADING to coral ring.
  8893 | D:7      | 8893 ||| READING scroll labeled XINWYU AFEKICW.
  8894 | D:7      | 8894 ||| READING scroll labeled RYSCHO CU ROWAKH.
  9198 | D:8      | 9198 ||| READING scroll of enchant weapon.
  9198 | D:8      | 9198 ||| ENCHANTING +4 battleaxe.
  9572 | D:9      | 9572 ||| INVOKING Heroism.
  9904 | D:9      | 9904 ||| INVOKING Heroism.
 10024 | D:9      | 10024 ||| INVOKING Heroism.
 10203 | D:9      | 10203 ||| INVOKING Heroism.
 10301 | D:9      | Reached XP level 11. HP: 84/84 MP: 15/15
 10341 | D:9      | 10341 ||| INVOKING Heroism.
 10579 | D:9      | Reached skill level 6 in Invocations
 10892 | D:9      | 10892 ||| READING scroll labeled ROHES HAMNES.
 10893 | D:9      | 10893 ||| READING 3 scrolls of identify.
 10893 | D:9      | 10893 ||| IDENTIFYING pink potion
 10894 | D:9      | 10894 ||| READING 2 scrolls of identify.
 10894 | D:9      | 10894 ||| IDENTIFYING fizzy emerald potion
 10895 | D:9      | 10895 ||| DROPPING potion of invisibility.
 10912 | D:10     | Entered Level 10 of the Dungeon
 11016 | D:10     | 11016 ||| INVOKING Heroism.
 11055 | D:10     | 11055 ||| STAIRDANCE
 11129 | D:9      | 11129 ||| EATING 15 rations.
 11148 | D:10     | 11148 ||| INVOKING Heroism.
 11160 | D:10     | Reached skill level 11 in Axes
 11180 | D:10     | Found a staircase to the Lair.
 11197 | D:10     | 11197 ||| INVOKING Heroism.
 11203 | D:10     | Reached ***** piety under Okawaru
 11319 | D:10     | Noticed a brown ugly thing
 11332 | D:10     | Killed a brown ugly thing
 11545 | D:10     | 11545 ||| INVOKING Heroism.
 11716 | D:10     | Found a staircase to the Orcish Mines.
 12096 | D:10     | 12096 ||| UPGRADING to morningstar.
 12097 | D:10     | 12097 ||| SWAPPING to +5 battleaxe.
 12098 | D:10     | 12098 ||| DROPPING +0 flail.
 12271 | Lair:1   | Entered Level 1 of the Lair of Beasts
 12272 | Lair:1   | 12272 ||| Entered L.
 12407 | Lair:1   | 12407 ||| INVOKING Heroism.
 12416 | Lair:1   | Reached skill level 9 in Invocations
 12664 | Lair:1   | 12664 ||| INVOKING Heroism.
 12949 | Lair:1   | Noticed Ursun's ghost (journeyman BaFi)
 12950 | Lair:1   | 12950 ||| INVOKING Heroism.
 12951 | Lair:1   | 12951 ||| INVOKING Finesse.
 12975 | Lair:1   | Killed Ursun's ghost
 12975 | Lair:1   | Reached XP level 12. HP: 55/92 MP: 13/19
 13125 | Lair:1   | 13125 ||| EATING 16 rations.
 13272 | Lair:1   | Received a gift from Okawaru
 13766 | Lair:1   | 13766 ||| UPGRADING to pair of glowing gloves {god gift}.
 13776 | Lair:1   | 13776 ||| DROPPING +0 pair of gloves.
 13918 | Lair:2   | 13918 ||| READING scroll of enchant weapon.
 13918 | Lair:2   | 13918 ||| ENCHANTING +5 battleaxe.
 14150 | Lair:2   | 14150 ||| EATING 15 rations.
 14162 | Lair:2   | 14162 ||| INVOKING Heroism.
 14163 | Lair:2   | 14163 ||| INVOKING Finesse.
 14164 | Lair:2   | Found a burning altar of Makhleb.
 14172 | Lair:2   | Reached skill level 12 in Axes
 14536 | Lair:2   | 14536 ||| READING scroll of enchant weapon.
 14536 | Lair:2   | 14536 ||| ENCHANTING +6 battleaxe.
 15086 | Lair:2   | 15086 ||| READING scroll labeled ERAOJE GYUVAEL.
 15149 | Lair:3   | 15149 ||| STAIRDANCE
 15283 | Lair:2   | 15283 ||| EATING 15 rations.
 15296 | Lair:3   | 15296 ||| STAIRDANCE
 15423 | Lair:3   | 15423 ||| STAIRDANCE
 15465 | Lair:2   | 15465 ||| UPGRADING to scratched gilded ring.
 15467 | Lair:2   | 15467 ||| READING 5 scrolls of remove curse.
 15468 | Lair:2   | 15468 ||| REMOVING ring of teleportation.
 15469 | Lair:2   | 15469 ||| DROPPING ring of teleportation.
 15470 | Lair:2   | 15470 ||| UPGRADING to ring of protection from magic.
 15613 | Lair:3   | Reached skill level 9 in Fighting
 15839 | Lair:3   | 15839 ||| INVOKING Heroism.
 16102 | Lair:3   | 16102 ||| INVOKING Heroism.
 16409 | Lair:3   | 16409 ||| INVOKING Heroism.
 16841 | Lair:3   | Found a staircase to the Swamp.
 17159 | Lair:3   | 17159 ||| UPGRADING to large shield.
 17169 | Lair:3   | 17169 ||| DROPPING +0 shield.
 17196 | Lair:4   | 17196 ||| STAIRDANCE
 17240 | Lair:3   | 17240 ||| EATING 14 rations.
 17246 | Lair:4   | 17246 ||| STAIRDANCE
 17247 | Lair:4   | Noticed a seven-headed hydra
 17252 | Lair:4   | 17252 ||| STAIRDANCE
 17291 | Lair:4   | 17291 ||| STAIRDANCE
 17293 | Lair:3   | 17293 ||| INVOKING Heroism.
 17294 | Lair:3   | 17294 ||| SWAPPING to +0 morningstar.
 17295 | Lair:3   | 17295 ||| INVOKING Finesse.
 17300 | Lair:3   | HP: 19/95 [seven-headed hydra (10)]
 17301 | Lair:3   | 17301 ||| DRINKING potion of heal wounds.
 17308 | Lair:3   | HP: 16/95 [seven-headed hydra (11)]
 17310 | Lair:3   | Killed a seven-headed hydra
 17311 | Lair:3   | 17311 ||| SWAPPING to +7 battleaxe.
 17635 | Lair:4   | 17635 ||| STAIRDANCE
 17677 | Lair:4   | 17677 ||| INVOKING Heroism.
 17691 | Lair:4   | Reached skill level 13 in Axes
 17773 | Lair:4   | Reached XP level 13. HP: 78/101 MP: 20/20
 17780 | Lair:4   | 17780 ||| INVOKING Heroism.
 17781 | Lair:4   | Reached skill level 9 in Armour
 17964 | Lair:4   | 17964 ||| INVOKING Heroism.
 17965 | Lair:4   | 17965 ||| INVOKING Finesse.
 18147 | Lair:4   | 18147 ||| INVOKING Heroism.
 18273 | Lair:4   | 18273 ||| EATING 13 rations.
 18283 | Lair:4   | Noticed a five-headed hydra
 18284 | Lair:4   | 18284 ||| INVOKING Heroism.
 18285 | Lair:4   | 18285 ||| INVOKING Finesse.
 18287 | Lair:4   | 18287 ||| SWAPPING to +0 morningstar.
 18299 | Lair:4   | Killed a five-headed hydra
 18300 | Lair:4   | 18300 ||| SWAPPING to +7 battleaxe.
 18354 | Lair:4   | 18354 ||| INVOKING Heroism.
 18356 | Lair:4   | Noticed Kirke
 18366 | Lair:4   | Killed Kirke
 18366 | Lair:4   | Received a gift from Okawaru
 18511 | Lair:4   | Reached skill level 3 in Dodging
 18583 | Lair:4   | 18583 ||| INVOKING Heroism.
 18616 | Lair:4   | Found a staircase to the Snake Pit.
 18627 | Lair:4   | Noticed Rupert
 18628 | Lair:4   | 18628 ||| INVOKING Heroism.
 18629 | Lair:4   | 18629 ||| INVOKING Finesse.
 18638 | Lair:4   | Killed Rupert
 18703 | Lair:4   | 18703 ||| INVOKING Heroism.
 18812 | Lair:4   | 18812 ||| INVOKING Heroism.
 18815 | Lair:4   | Reached skill level 14 in Axes
 19043 | Lair:4   | 19043 ||| DROPPING +0 morningstar.
 19044 | Lair:4   | 19044 ||| UPGRADING to great mace of crushing.
 19045 | Lair:4   | 19045 ||| SWAPPING to +7 battleaxe.
 19122 | Lair:4   | Received a gift from Okawaru
 19130 | Lair:4   | 19130 ||| SWAPPING to runed executioner's axe {god gift}.
 19131 | Lair:4   | 19131 ||| DROPPING +7 battleaxe.
 19270 | Lair:4   | 19270 ||| EATING 12 rations.
 19819 | Lair:5   | 19819 ||| INVOKING Heroism.
 19849 | Lair:5   | Reached XP level 14. HP: 96/110 MP: 21/21
 19850 | Lair:5   | 19850 ||| STAIRDANCE
 20038 | Lair:5   | Noticed Nessos
 20040 | Lair:5   | 20040 ||| INVOKING Heroism.
 20041 | Lair:5   | 20041 ||| INVOKING Finesse.
 20061 | Lair:5   | Killed Nessos
 20061 | Lair:5   | Reached skill level 15 in Axes
 20201 | Lair:5   | 20201 ||| READING 3 scrolls of enchant armour.
 20201 | Lair:5   | 20201 ||| ENCHANTING +0 pair of boots.
 20202 | Lair:5   | 20202 ||| READING 2 scrolls of enchant armour.
 20202 | Lair:5   | 20202 ||| ENCHANTING +1 pair of boots.
 20203 | Lair:5   | 20203 ||| READING scroll of enchant armour.
 20203 | Lair:5   | 20203 ||| ENCHANTING +1 plate armour.
 20311 | Lair:5   | 20311 ||| STAIRDANCE
 20378 | Lair:4   | 20378 ||| UPGRADING to cabochon ring.
 20399 | Lair:4   | 20399 ||| STAIRDANCE
 20458 | Lair:5   | 20458 ||| INVOKING Heroism.
 20467 | Lair:5   | Reached skill level 12 in Shields
 20528 | Lair:5   | 20528 ||| READING scroll of enchant armour.
 20528 | Lair:5   | 20528 ||| ENCHANTING +2 plate armour.
 20565 | Lair:5   | 20565 ||| INVOKING Heroism.
 20568 | Lair:5   | Received a gift from Okawaru
 20898 | Lair:5   | 20898 ||| INVOKING Heroism.
 20899 | Lair:5   | 20899 ||| INVOKING Finesse.
 21062 | Lair:5   | 21062 ||| Stepping ~*~*~tactically~*~*~ (water).
 21424 | Lair:5   | 21424 ||| UPGRADING to glowing cloak {god gift}.
 21429 | Lair:5   | 21429 ||| UPGRADING to ring of strength.
 21431 | Lair:5   | 21431 ||| READING 7 scrolls of remove curse.
 21432 | Lair:5   | 21432 ||| REMOVING -2 ring of strength.
 21433 | Lair:5   | 21433 ||| UPGRADING to ring of protection from magic.
 21434 | Lair:5   | 21434 ||| DROPPING -2 ring of strength.
 21435 | Lair:5   | 21435 ||| UPGRADING to +4 ring of strength.
 21437 | Lair:5   | 21437 ||| READING scroll labeled OSIYLLUFOMAS.
 21456 | Lair:6   | Entered Level 6 of the Lair of Beasts
 21474 | Lair:6   | 21474 ||| INVOKING Heroism.
 21486 | Lair:6   | Found a staircase to the Slime Pits.
 21702 | Lair:6   | 21702 ||| STAIRDANCE
 21795 | Lair:5   | 21795 ||| UPGRADING to knobbly diamond ring.
 21797 | Lair:5   | 21797 ||| REMOVING ring of fire.
 21798 | Lair:5   | 21798 ||| UPGRADING to ring of protection from magic.
 21799 | Lair:5   | 21799 ||| UPGRADING to +4 ring of strength.
 21872 | Lair:6   | 21872 ||| READING scroll of enchant weapon.
 21872 | Lair:6   | 21872 ||| ENCHANTING +1 executioner's axe of electrocution.
 21984 | Lair:6   | 21984 ||| INVOKING Finesse.
 21989 | Lair:6   | 21989 ||| Stepping ~*~*~tactically~*~*~ (water).
 21995 | Lair:6   | 21995 ||| INVOKING Heroism.
 22002 | Lair:6   | 22002 ||| Stepping ~*~*~tactically~*~*~ (water).
 22008 | Lair:6   | Found the +3 giant club "Skullcrusher" {speed, Str+7}
 22071 | Lair:6   | 22071 ||| INVOKING Heroism.
 22255 | Lair:6   | Got a shimmering war axe
 22257 | Lair:6   | Identified the cursed +0 war axe "Ojagewn" {chop, rElec rC+ Str+4} (You found it on level 6 of the Lair of Beasts)
 22270 | Lair:6   | 22270 ||| DROPPING +0 war axe "Ojagewn" {chop, rElec rC+ Str+4}.
 22293 | Lair:6   | 22293 ||| Stepping ~*~*~tactically~*~*~ (water).
 22312 | Lair:6   | 22312 ||| INVOKING Heroism.
 22600 | Lair:6   | 22600 ||| INVOKING Heroism.
 22613 | Lair:6   | Received a gift from Okawaru
 22616 | Lair:6   | Reached skill level 16 in Axes
 22887 | Lair:6   | 22887 ||| READING scroll of enchant weapon.
 22887 | Lair:6   | 22887 ||| ENCHANTING +2 executioner's axe of electrocution.
 23091 | Lair:6   | Reached XP level 15. HP: 111/118 MP: 22/22
 23199 | Lair:6   | 23199 ||| INVOKING Heroism.
 23200 | Lair:6   | 23200 ||| INVOKING Finesse.
 23659 | Lair:6   | 23659 ||| EATING 28 rations.
 23734 | Lair:6   | 23734 ||| UPGRADING to knobbly steel ring.
 23736 | Lair:6   | 23736 ||| DROPPING ring of protection from magic.
 23737 | Lair:6   | 23737 ||| UPGRADING to +4 ring of strength.
 23766 | Lair:6   | 23766 ||| INVOKING Heroism.
 23767 | Lair:6   | 23767 ||| INVOKING Finesse.
 23768 | Lair:6   | 23768 ||| SWAPPING to +2 great mace of crushing.
 23773 | Lair:6   | 23773 ||| SWAPPING to +3 executioner's axe of electrocution.
 23970 | D:11     | 23970 ||| INVOKING Heroism.
 23971 | D:11     | 23971 ||| INVOKING Finesse.
 23973 | D:11     | 23973 ||| SWAPPING to +2 great mace of crushing.
 23981 | D:11     | 23981 ||| SWAPPING to +3 executioner's axe of electrocution.
 24403 | D:11     | 24403 ||| INVOKING Heroism.
 24406 | D:11     | Received a gift from Okawaru
 24418 | D:11     | Found Ipyigix's General Store.
 24507 | D:11     | 24507 ||| UPGRADING to glowing shadow dragon scales.
 24517 | D:11     | 24517 ||| READING 5 scrolls of remove curse.
 24518 | D:11     | 24518 ||| UPGRADING to +3 plate armour.
 24528 | D:11     | 24528 ||| DROPPING +0 shadow dragon scales.
 24564 | D:12     | 24564 ||| INVOKING Heroism.
 24565 | D:12     | 24565 ||| STAIRDANCE
 24572 | D:12     | 24572 ||| STAIRDANCE
 24596 | D:12     | 24596 ||| STAIRDANCE
 24617 | D:12     | 24617 ||| INVOKING Heroism.
 24918 | D:12     | Found Vyfecveted's Book Shop.
 24972 | D:12     | 24972 ||| INVOKING Heroism.
 25053 | D:12     | Found the +6 lightning scales {run, rElec}
 25278 | D:12     | 25278 ||| UPGRADING to thick brass amulet.
 25279 | D:12     | 25279 ||| READING 4 scrolls of remove curse.
 25280 | D:12     | 25280 ||| REMOVING amulet of inaccuracy.
 25281 | D:12     | 25281 ||| DROPPING amulet of inaccuracy.
 25282 | D:12     | 25282 ||| UPGRADING to lumpy peridot amulet.
 25283 | D:12     | 25283 ||| REMOVING amulet of magic regeneration.
 25284 | D:12     | 25284 ||| DROPPING amulet of magic regeneration.
 25285 | D:12     | 25285 ||| READING scroll labeled KAIGGA UNIMACA.
 25349 | D:13     | 25349 ||| STAIRDANCE
 25357 | D:13     | 25357 ||| STAIRDANCE
 25371 | D:13     | 25371 ||| STAIRDANCE
 25392 | D:13     | 25392 ||| STAIRDANCE
 25504 | D:13     | 25504 ||| STAIRDANCE
 25579 | D:13     | 25579 ||| INVOKING Heroism.
 25638 | D:13     | 25638 ||| INVOKING Heroism.
 25734 | D:13     | 25734 ||| INVOKING Heroism.
 25826 | D:13     | Found a large runed door.
 25844 | D:13     | Found a large runed door.
 26243 | D:13     | 26243 ||| EATING 34 rations.
 26489 | D:13     | 26489 ||| UPGRADING to runed chain mail.
 26499 | D:13     | 26499 ||| READING 3 scrolls of remove curse.
 26500 | D:13     | 26500 ||| UPGRADING to +3 plate armour.
 26510 | D:13     | 26510 ||| DROPPING +0 chain mail.
 26615 | D:14     | Reached skill level 17 in Axes
 26635 | D:14     | Found Keammuigusk's Weapon Boutique.
 26647 | D:14     | 26647 ||| INVOKING Heroism.
 26693 | D:14     | 26693 ||| Stepping randomly (stuck).
 26883 | D:14     | 26883 ||| INVOKING Heroism.
 26888 | D:14     | 26888 ||| Stepping ~*~*~tactically~*~*~ (cloud).
 26889 | D:14     | 26889 ||| Stepping ~*~*~tactically~*~*~ (cloud).
 26931 | D:14     | 26931 ||| INVOKING Heroism.
 26933 | D:14     | Reached skill level 12 in Fighting
 27087 | D:14     | Received a gift from Okawaru
 27091 | D:14     | Reached ****** piety under Okawaru
 27251 | D:14     | 27251 ||| INVOKING Heroism.
 27300 | D:14     | 27300 ||| INVOKING Heroism.
 27317 | D:14     | Reached XP level 16. HP: 126/127 MP: 23/23
 27338 | D:14     | Found a gate to the Vaults.
 27404 | D:14     | 27404 ||| UPGRADING to ring of strength.
 27406 | D:14     | 27406 ||| DROPPING +4 ring of dexterity.
 27433 | D:15     | Entered Level 15 of the Dungeon
 27446 | D:15     | Found a frozen archway.
 27460 | D:15     | 27460 ||| INVOKING Heroism.
 27696 | D:15     | 27696 ||| INVOKING Heroism.
 27790 | D:15     | 27790 ||| INVOKING Heroism.
 27845 | D:15     | 27845 ||| INVOKING Heroism.
 27883 | D:15     | 27883 ||| STAIRDANCE
 27933 | D:15     | Found a staircase to the Depths.
 27940 | D:15     | Received a gift from Okawaru
 27945 | D:15     | Got a shimmering cloak {god gift}
 28044 | D:15     | Found Asiulang's Magic Scroll Emporium.
 28049 | D:15     | Bought a scroll of remove curse for 30 gold pieces
 28049 | D:15     | Bought a scroll of remove curse for 30 gold pieces
 28049 | D:15     | Bought a scroll of enchant armour for 75 gold pieces
 28049 | D:15     | 28049 ||| READING scroll of enchant armour.
 28049 | D:15     | 28049 ||| ENCHANTING +3 plate armour.
 28052 | D:15     | 28052 ||| INVOKING Heroism.
 28053 | D:15     | 28053 ||| INVOKING Finesse.
 28055 | D:15     | 28055 ||| SWAPPING to +2 great mace of crushing.
 28058 | D:15     | 28058 ||| Stepping ~*~*~tactically~*~*~ (outnumbered).
 28059 | D:15     | 28059 ||| Stepping ~*~*~tactically~*~*~ (outnumbered).
 28060 | D:15     | 28060 ||| Stepping ~*~*~tactically~*~*~ (outnumbered).
 28061 | D:15     | 28061 ||| Stepping ~*~*~tactically~*~*~ (outnumbered).
 28071 | D:15     | 28071 ||| SWAPPING to +3 executioner's axe of electrocution.
 28444 | D:15     | 28444 ||| UPGRADING to shimmering cloak {god gift}.
 28454 | D:15     | Identified the +1 cloak of a sewer {rN+ Dex+3} (Okawaru gifted it to you on level 15 of the Dungeon)
 28454 | D:15     | 28454 ||| UPGRADING to +2 cloak of magic resistance.
 28590 | Orc:1    | Entered Level 1 of the Orcish Mines
 28591 | Orc:1    | 28591 ||| Entered O.
 28591 | Orc:1    | 28591 ||| INVOKING Heroism.
 28592 | Orc:1    | 28592 ||| STAIRDANCE
 28603 | Orc:1    | 28603 ||| STAIRDANCE
 28661 | Orc:1    | 28661 ||| STAIRDANCE
 28701 | Orc:1    | 28701 ||| STAIRDANCE
 28843 | Orc:1    | 28843 ||| STAIRDANCE
 28956 | Orc:1    | 28956 ||| STAIRDANCE
 28988 | Orc:1    | 28988 ||| STAIRDANCE
 29003 | Orc:1    | 29003 ||| STAIRDANCE
 29168 | Orc:1    | Found a roughly hewn altar of Beogh.
 29240 | Orc:1    | 29240 ||| INVOKING Heroism.
 29347 | Orc:2    | Entered Level 2 of the Orcish Mines
 29357 | Orc:2    | 29357 ||| STAIRDANCE
 29363 | Orc:1    | 29363 ||| STAIRDANCE
 29410 | Orc:2    | 29410 ||| STAIRDANCE
 29432 | Orc:2    | 29432 ||| INVOKING Heroism.
 29435 | Orc:2    | 29435 ||| STAIRDANCE
 29470 | Orc:2    | 29470 ||| STAIRDANCE
 29481 | Orc:2    | 29481 ||| STAIRDANCE
 29488 | Orc:2    | 29488 ||| STAIRDANCE
 29502 | Orc:1    | 29502 ||| UPGRADING to shiny plate armour.
 29512 | Orc:1    | 29512 ||| UPGRADING to +4 plate armour.
 29556 | Orc:2    | 29556 ||| INVOKING Heroism.
 29753 | Orc:2    | Found a radiant altar of Vehumet.
 29903 | Orc:2    | Reached skill level 18 in Axes
 30077 | Orc:2    | 30077 ||| INVOKING Heroism.
 30156 | Orc:2    | 30156 ||| STAIRDANCE
 30272 | Orc:2    | 30272 ||| INVOKING Heroism.
 30328 | Orc:2    | Found Xish's Gadget Shop.
 30328 | Orc:2    | Found Taginot's General Store.
 30383 | Orc:2    | Bought a +3 ring of evasion for 315 gold pieces
 30442 | Orc:2    | Found a roughly hewn altar of Beogh.
 30445 | Orc:2    | 30445 ||| INVOKING Heroism.
 30453 | Orc:2    | Reached skill level 12 in Armour
 30827 | Orc:2    | 30827 ||| INVOKING Heroism.
 30930 | Orc:2    | Found a staircase to the Elven Halls.
 30958 | Orc:2    | Found Weffaijytt's Gadget Shoppe.
 30958 | Orc:2    | Found Goh Usm's Armour Shop.
 31023 | Orc:2    | Found a roughly hewn altar of Beogh.
 31204 | Orc:2    | 31204 ||| UPGRADING to runed plate armour.
 31214 | Orc:2    | 31214 ||| UPGRADING to +4 plate armour.
 31224 | Orc:2    | 31224 ||| DROPPING +0 plate armour of fire resistance.
 31225 | Orc:2    | 31225 ||| UPGRADING to +3 ring of evasion.
 31227 | Orc:2    | 31227 ||| DROPPING +4 ring of strength.
 31480 | D:14     | 31480 ||| EATING 35 rations.
 31775 | Swamp:1  | Entered Level 1 of the Swamp
 31776 | Swamp:1  | 31776 ||| Entered S.
 31778 | Swamp:1  | 31778 ||| STAIRDANCE
 31785 | Swamp:1  | 31785 ||| STAIRDANCE
 31818 | Swamp:1  | 31818 ||| Stepping ~*~*~tactically~*~*~ (water).
 31846 | Swamp:1  | 31846 ||| Stepping ~*~*~tactically~*~*~ (water).
 31920 | Swamp:1  | Noticed DildoBatman's ghost (adept FoEn)
 31924 | Swamp:1  | 31924 ||| INVOKING Heroism.
 31925 | Swamp:1  | 31925 ||| INVOKING Finesse.
 31942 | Swamp:1  | Killed DildoBatman's ghost
 31942 | Swamp:1  | Received a gift from Okawaru
 32005 | Swamp:1  | 32005 ||| Stepping ~*~*~tactically~*~*~ (water).
 32050 | Swamp:1  | 32050 ||| DRINKING 2 potions of resistance.
 32595 | Swamp:2  | You fall through a shaft!
 32596 | Swamp:3  | 32596 ||| Shafted from Swamp:2 to Swamp:3.
 32596 | Swamp:3  | 32596 ||| INVOKING Heroism.
 32599 | Swamp:3  | 32599 ||| Stepping ~*~*~tactically~*~*~ (water).
 32622 | Swamp:3  | 32622 ||| Stepping ~*~*~tactically~*~*~ (water).
 32699 | Swamp:3  | 32699 ||| INVOKING Heroism.
 32700 | Swamp:3  | 32700 ||| INVOKING Finesse.
 32703 | Swamp:3  | 32703 ||| SWAPPING to +2 great mace of crushing.
 32706 | Swamp:3  | 32706 ||| SWAPPING to +3 executioner's axe of electrocution.
 32735 | Swamp:3  | 32735 ||| INVOKING Heroism.
 32736 | Swamp:3  | 32736 ||| Stepping ~*~*~tactically~*~*~ (water).
 32743 | Swamp:3  | 32743 ||| Stepping ~*~*~tactically~*~*~ (water).
 32751 | Swamp:3  | 32751 ||| Stepping ~*~*~tactically~*~*~ (water).
 32753 | Swamp:3  | 32753 ||| Stepping ~*~*~tactically~*~*~ (water).
 32757 | Swamp:3  | 32757 ||| Stepping ~*~*~tactically~*~*~ (water).
 32777 | Swamp:3  | 32777 ||| Stepping ~*~*~tactically~*~*~ (water).
 32787 | Swamp:2  | 32787 ||| Successfully unshafted to Swamp:2.
 32797 | Swamp:2  | Reached XP level 17. HP: 136/136 MP: 24/24
 33058 | Swamp:2  | 33058 ||| Stepping ~*~*~tactically~*~*~ (water).
 33061 | Swamp:2  | 33061 ||| DRINKING potion of resistance.
 33070 | Swamp:2  | 33070 ||| Stepping ~*~*~tactically~*~*~ (water).
 33075 | Swamp:2  | 33075 ||| Stepping ~*~*~tactically~*~*~ (water).
 33093 | Swamp:2  | Reached skill level 15 in Shields
 33431 | Swamp:2  | 33431 ||| Stepping ~*~*~tactically~*~*~ (water).
 33434 | Swamp:2  | 33434 ||| INVOKING Heroism.
 33437 | Swamp:2  | 33437 ||| Stepping ~*~*~tactically~*~*~ (water).
 33550 | Swamp:2  | Noticed Nikola
 33550 | Swamp:2  | 33550 ||| INVOKING Heroism.
 33551 | Swamp:2  | 33551 ||| INVOKING Finesse.
 33556 | Swamp:2  | 33556 ||| Stepping ~*~*~tactically~*~*~ (water).
 33568 | Swamp:2  | Killed Nikola
 33885 | Swamp:2  | 33885 ||| UPGRADING to runed cloak.
 33911 | Swamp:3  | 33911 ||| Stepping randomly (cloudy).
 33913 | Swamp:3  | 33913 ||| INVOKING Heroism.
 33921 | Swamp:3  | 33921 ||| SWAPPING to +2 great mace of crushing.
 33922 | Swamp:3  | 33922 ||| Stepping ~*~*~tactically~*~*~ (water).
 33924 | Swamp:3  | 33924 ||| SWAPPING to +3 executioner's axe of electrocution.
 33973 | Swamp:3  | 33973 ||| EATING 40 rations.
 33990 | Swamp:3  | 33990 ||| Stepping ~*~*~tactically~*~*~ (water).
 33997 | Swamp:3  | 33997 ||| INVOKING Heroism.
 34001 | Swamp:3  | 34001 ||| SWAPPING to +2 great mace of crushing.
 34002 | Swamp:3  | 34002 ||| Stepping ~*~*~tactically~*~*~ (water).
 34007 | Swamp:3  | 34007 ||| SWAPPING to +3 executioner's axe of electrocution.
 34111 | Swamp:3  | 34111 ||| SWAPPING to glowing battleaxe.
 34112 | Swamp:3  | 34112 ||| SWAPPING to +3 executioner's axe of electrocution.
 34113 | Swamp:3  | 34113 ||| DROPPING +1 battleaxe of chopping.
 34230 | Swamp:3  | 34230 ||| Stepping ~*~*~tactically~*~*~ (water).
 34266 | Swamp:3  | 34266 ||| Stepping ~*~*~tactically~*~*~ (water).
 34541 | Swamp:3  | 34541 ||| INVOKING Heroism.
 34675 | Swamp:3  | Noticed a thorn hunter
 34676 | Swamp:3  | 34676 ||| INVOKING Finesse.
 34680 | Swamp:3  | 34680 ||| Stepping ~*~*~tactically~*~*~ (water).
 34685 | Swamp:3  | Killed a thorn hunter
 34826 | Swamp:3  | 34826 ||| READING 15 scrolls of identify.
 34826 | Swamp:3  | 34826 ||| IDENTIFYING murky orange potion
 34847 | Swamp:4  | Entered Level 4 of the Swamp
 34880 | Swamp:4  | 34880 ||| STAIRDANCE
 34971 | Swamp:3  | 34971 ||| EATING 41 rations.
 34990 | Swamp:4  | 34990 ||| STAIRDANCE
 35081 | Swamp:4  | 35081 ||| INVOKING Heroism.
 35083 | Swamp:4  | 35083 ||| SWAPPING to +2 great mace of crushing.
 35084 | Swamp:4  | 35084 ||| Stepping ~*~*~tactically~*~*~ (outnumbered).
 35085 | Swamp:4  | 35085 ||| STAIRDANCE
 35091 | Swamp:3  | 35091 ||| SWAPPING to +3 executioner's axe of electrocution.
 35231 | Swamp:4  | 35231 ||| STAIRDANCE
 35296 | Swamp:4  | 35296 ||| STAIRDANCE
 35305 | Swamp:4  | 35305 ||| STAIRDANCE
 35309 | Swamp:3  | Reached skill level 19 in Axes
 35440 | Swamp:4  | 35440 ||| STAIRDANCE
 35442 | Swamp:3  | 35442 ||| INVOKING Heroism.
 35443 | Swamp:3  | 35443 ||| SWAPPING to +2 great mace of crushing.
 35454 | Swamp:3  | 35454 ||| SWAPPING to +3 executioner's axe of electrocution.
 35570 | Swamp:4  | 35570 ||| INVOKING Heroism.
 35571 | Swamp:4  | 35571 ||| STAIRDANCE
 35658 | Swamp:4  | 35658 ||| INVOKING Heroism.
 35659 | Swamp:4  | 35659 ||| STAIRDANCE
 35661 | Swamp:3  | 35661 ||| SWAPPING to +2 great mace of crushing.
 35667 | Swamp:3  | 35667 ||| SWAPPING to +3 executioner's axe of electrocution.
 35749 | Swamp:4  | 35749 ||| STAIRDANCE
 35945 | Swamp:4  | 35945 ||| STAIRDANCE
 35995 | Swamp:3  | 35995 ||| EATING 40 rations.
 35998 | Swamp:4  | 35998 ||| STAIRDANCE
 36130 | Swamp:4  | 36130 ||| STAIRDANCE
 36132 | Swamp:3  | 36132 ||| INVOKING Heroism.
 36133 | Swamp:3  | 36133 ||| SWAPPING to +2 great mace of crushing.
 36139 | Swamp:3  | 36139 ||| SWAPPING to +3 executioner's axe of electrocution.
 36178 | Swamp:4  | 36178 ||| STAIRDANCE
 36180 | Swamp:3  | Received a gift from Okawaru
 36220 | Swamp:4  | 36220 ||| INVOKING Heroism.
 36221 | Swamp:4  | 36221 ||| STAIRDANCE
 36253 | Swamp:4  | 36253 ||| SWAPPING to +2 great mace of crushing.
 36255 | Swamp:4  | 36255 ||| Stepping ~*~*~tactically~*~*~ (outnumbered).
 36263 | Swamp:4  | 36263 ||| SWAPPING to +3 executioner's axe of electrocution.
 36268 | Swamp:4  | 36268 ||| SWAPPING to +2 great mace of crushing.
 36272 | Swamp:4  | 36272 ||| SWAPPING to +3 executioner's axe of electrocution.
 36275 | Swamp:4  | 36275 ||| INVOKING Heroism.
 36315 | Swamp:4  | 36315 ||| STAIRDANCE
 36451 | Swamp:4  | 36451 ||| Stepping ~*~*~tactically~*~*~ (water).
 36454 | Swamp:4  | 36454 ||| Stepping ~*~*~tactically~*~*~ (water).
 36458 | Swamp:4  | 36458 ||| Stepping ~*~*~tactically~*~*~ (cloud).
 36501 | Swamp:4  | 36501 ||| Stepping ~*~*~tactically~*~*~ (water).
 36506 | Swamp:4  | Noticed a thorn hunter
 36506 | Swamp:4  | 36506 ||| INVOKING Finesse.
 36508 | Swamp:4  | 36508 ||| Stepping ~*~*~tactically~*~*~ (water).
 36529 | Swamp:4  | 36529 ||| INVOKING Finesse.
 36533 | Swamp:4  | Killed a thorn hunter
 36644 | Swamp:4  | 36644 ||| INVOKING Heroism.
 36645 | Swamp:4  | 36645 ||| SWAPPING to +2 great mace of crushing.
 36656 | Swamp:4  | 36656 ||| SWAPPING to +3 executioner's axe of electrocution.
 36777 | Swamp:4  | 36777 ||| INVOKING Heroism.
 36854 | Swamp:4  | 36854 ||| Stepping ~*~*~tactically~*~*~ (water).
 36961 | Swamp:4  | Got a decaying rune of Zot
 37146 | Swamp:4  | 37146 ||| INVOKING Heroism.
 37149 | Swamp:4  | 37149 ||| SWAPPING to +2 great mace of crushing.
 37152 | Swamp:4  | 37152 ||| SWAPPING to +3 executioner's axe of electrocution.
 37255 | Swamp:4  | 37255 ||| INVOKING Heroism.
 37256 | Swamp:4  | 37256 ||| SWAPPING to +2 great mace of crushing.
 37257 | Swamp:4  | 37257 ||| Stepping ~*~*~tactically~*~*~ (water).
 37264 | Swamp:4  | 37264 ||| SWAPPING to +3 executioner's axe of electrocution.
 37287 | Swamp:4  | 37287 ||| Stepping ~*~*~tactically~*~*~ (water).
 37289 | Swamp:4  | 37289 ||| Stepping ~*~*~tactically~*~*~ (water).
 37351 | Swamp:4  | 37351 ||| READING 15 scrolls of identify.
 37351 | Swamp:4  | 37351 ||| IDENTIFYING fuming inky potion
 37352 | Swamp:4  | 37352 ||| DROPPING potion of lignification.
 37587 | D:11     | 37587 ||| EATING 40 rations.
 37791 | Vaults:1 | Entered Level 1 of the Vaults
 37792 | Vaults:1 | 37792 ||| Entered V.
 37842 | Vaults:1 | Reached XP level 18. HP: 146/146 MP: 25/25
 37844 | Vaults:1 | 37844 ||| DROPPING +2 great mace of crushing.
 37889 | Vaults:1 | 37889 ||| STAIRDANCE
 37949 | Vaults:1 | 37949 ||| INVOKING Heroism.
 37985 | Vaults:1 | 37985 ||| STAIRDANCE
 38031 | Vaults:1 | 38031 ||| STAIRDANCE
 38198 | Vaults:1 | Found Ynozof's Food Emporium.
 38366 | Vaults:1 | 38366 ||| INVOKING Heroism.
 38420 | Vaults:1 | 38420 ||| INVOKING Heroism.
 38422 | Vaults:1 | Received a gift from Okawaru
 38629 | Vaults:1 | Reached skill level 20 in Axes
 38867 | Vaults:1 | Reached skill level 6 in Dodging
 38887 | Vaults:1 | 38887 ||| INVOKING Heroism.
 39064 | Vaults:1 | 39064 ||| INVOKING Heroism.
 39314 | Vaults:1 | 39314 ||| INVOKING Heroism.
 39468 | Vaults:1 | 39468 ||| INVOKING Heroism.
 39626 | Vaults:1 | 39626 ||| INVOKING Heroism.
 39635 | Vaults:1 | Reached skill level 15 in Fighting
 39843 | Vaults:1 | 39843 ||| UPGRADING to runed scarf {god gift}.
 39853 | Vaults:1 | 39853 ||| UPGRADING to +1 cloak of poison resistance.
 39863 | Vaults:1 | 39863 ||| UPGRADING to glowing plate armour.
 39873 | Vaults:1 | 39873 ||| DROPPING +4 plate armour.
 39874 | Vaults:1 | 39874 ||| UPGRADING to opal ring.
 39876 | Vaults:1 | 39876 ||| DROPPING +5 ring of strength.
 39877 | Vaults:1 | 39877 ||| READING 14 scrolls of identify.
 39877 | Vaults:1 | 39877 ||| IDENTIFYING bubbling golden potion
 39878 | Vaults:1 | 39878 ||| DROPPING potion of berserk rage.
 39972 | Vaults:2 | 39972 ||| INVOKING Heroism.
 40110 | Vaults:2 | 40110 ||| STAIRDANCE
 40224 | Vaults:2 | Found a staircase to the Crypt.
 40256 | Vaults:2 | 40256 ||| READING scroll of enchant armour.
 40256 | Vaults:2 | 40256 ||| ENCHANTING +1 cloak of poison resistance.
 40384 | Vaults:2 | Reached XP level 19. HP: 155/155 MP: 26/26
 40640 | Vaults:2 | 40640 ||| INVOKING Heroism.
 41015 | Vaults:2 | 41015 ||| INVOKING Heroism.
 41027 | Vaults:2 | Received a gift from Okawaru
 41052 | Vaults:2 | 41052 ||| EATING 41 rations.
 41069 | Vaults:2 | 41069 ||| INVOKING Heroism.
 41432 | Vaults:2 | 41432 ||| INVOKING Heroism.
 41784 | Vaults:3 | 41784 ||| INVOKING Heroism.
 41795 | Vaults:3 | Received a gift from Okawaru
 41806 | Vaults:3 | Received a gift from Okawaru
 41855 | Vaults:3 | 41855 ||| STAIRDANCE
 41925 | Vaults:3 | 41925 ||| INVOKING Heroism.
 41989 | Vaults:3 | Received a gift from Okawaru
 41989 | Vaults:3 | Reached skill level 21 in Axes
 41992 | Vaults:3 | 41992 ||| SWAPPING to glowing battleaxe {god gift}.
 41993 | Vaults:3 | 41993 ||| SWAPPING to +3 executioner's axe of electrocution.
 41997 | Vaults:3 | 41997 ||| DROPPING +1 battleaxe of chopping.
 42099 | Vaults:3 | 42099 ||| INVOKING Heroism.
 42158 | Vaults:3 | Found Nikig's Distillery.
 42184 | Vaults:3 | Bought a potion of heal wounds for 60 gold pieces
 42184 | Vaults:3 | Bought a potion of curing for 36 gold pieces
 42184 | Vaults:3 | Bought a potion of resistance for 120 gold pieces
 42184 | Vaults:3 | Bought a potion of heal wounds for 60 gold pieces
 42184 | Vaults:3 | Bought a potion of resistance for 120 gold pieces
 42184 | Vaults:3 | Bought a potion of curing for 36 gold pieces
 42184 | Vaults:3 | Bought a potion of curing for 36 gold pieces
 42347 | Vaults:3 | 42347 ||| INVOKING Heroism.
 42586 | Vaults:3 | Noticed Jory
 42587 | Vaults:3 | 42587 ||| INVOKING Heroism.
 42588 | Vaults:3 | 42588 ||| INVOKING Finesse.
 42607 | Vaults:3 | Killed Jory
 42699 | Vaults:3 | 42699 ||| INVOKING Heroism.
 42900 | Vaults:3 | Received a gift from Okawaru
 42953 | Vaults:3 | 42953 ||| INVOKING Heroism.
 42961 | Vaults:3 | HP: 39/157 [mirror damage (18)]
 42962 | Vaults:3 | 42962 ||| DRINKING 9 potions of heal wounds.
 42967 | Vaults:3 | Received a gift from Okawaru
 42981 | Vaults:3 | Reached XP level 20. HP: 64/164 MP: 27/27
 43316 | Vaults:3 | 43316 ||| INVOKING Heroism.
 43353 | Vaults:3 | 43353 ||| EATING 41 rations.
 43693 | Vaults:4 | 43693 ||| STAIRDANCE
 43702 | Vaults:3 | Received a gift from Okawaru
 43768 | Vaults:3 | 43768 ||| SWAPPING to glowing battleaxe {god gift}.
 43769 | Vaults:3 | 43769 ||| SWAPPING to +3 executioner's axe of electrocution.
 43770 | Vaults:3 | 43770 ||| DROPPING +5 battleaxe of distortion.
 43780 | Vaults:4 | 43780 ||| INVOKING Heroism.
 43787 | Vaults:4 | Reached skill level 22 in Axes
 43791 | Vaults:4 | 43791 ||| STAIRDANCE
 44024 | Vaults:4 | 44024 ||| INVOKING Heroism.
 44212 | Vaults:4 | 44212 ||| INVOKING Heroism.
 44241 | Vaults:4 | Reached skill level 15 in Armour
 44353 | Vaults:4 | 44353 ||| DRINKING 15 potions of curing.
 44353 | Vaults:4 | 44353 ||| (to cure confusion)
 44502 | Vaults:4 | 44502 ||| INVOKING Heroism.
 44687 | Vaults:4 | Found Okashuul's Antique Armour Boutique.
 45011 | Lair:3   | 45011 ||| EATING 42 rations.
 45112 | Snake:1  | Entered Level 1 of the Snake Pit
 45113 | Snake:1  | 45113 ||| Entered P.
 45234 | Snake:1  | 45234 ||| INVOKING Heroism.
 45274 | Snake:1  | Found a hazy altar of Hepliaklqana.
 45656 | Snake:1  | 45656 ||| INVOKING Heroism.
 45675 | Snake:1  | Received a gift from Okawaru
 45693 | Snake:1  | 45693 ||| INVOKING Heroism.
 46050 | Snake:1  | 46050 ||| EATING 42 rations.
 46085 | Snake:1  | Found Ocikonuh's Magic Scroll Shoppe.
 46093 | Snake:1  | Bought a scroll of remove curse for 48 gold pieces
 46093 | Snake:1  | Bought a scroll of enchant weapon for 120 gold pieces
 46093 | Snake:1  | Bought a scroll of enchant weapon for 120 gold pieces
 46093 | Snake:1  | 46093 ||| READING 2 scrolls of enchant weapon.
 46093 | Snake:1  | 46093 ||| ENCHANTING +3 executioner's axe of electrocution.
 46094 | Snake:1  | 46094 ||| READING scroll of enchant weapon.
 46094 | Snake:1  | 46094 ||| ENCHANTING +4 executioner's axe of electrocution.
 46396 | Snake:1  | 46396 ||| UPGRADING to glowing large shield {god gift}.
 46406 | Snake:1  | 46406 ||| DROPPING +0 large shield.
 46460 | Snake:2  | Found a hide-covered altar of Uskayaw.
 46533 | Snake:2  | 46533 ||| INVOKING Heroism.
 46535 | Snake:2  | Reached XP level 21. HP: 173/174 MP: 25/28
 46863 | Snake:2  | 46863 ||| Stepping ~*~*~tactically~*~*~ (water).
 46864 | Snake:2  | 46864 ||| INVOKING Heroism.
 47012 | Snake:2  | 47012 ||| INVOKING Heroism.
 47110 | Snake:2  | 47110 ||| INVOKING Heroism.
 47322 | Snake:2  | 47322 ||| Stepping ~*~*~tactically~*~*~ (water).
 47359 | Snake:2  | 47359 ||| DROPPING 3 steel javelins.
 47432 | Snake:3  | 47432 ||| EATING 45 rations.
 47556 | Snake:3  | 47556 ||| INVOKING Heroism.
 47780 | Snake:3  | Noticed Asterion
 47793 | Snake:3  | Killed Asterion
 47842 | Snake:3  | 47842 ||| READING scroll of enchant weapon.
 47842 | Snake:3  | 47842 ||| ENCHANTING +5 executioner's axe of electrocution.
 47876 | Snake:3  | Noticed Agnes
 47891 | Snake:3  | Killed Agnes
 48002 | Snake:3  | 48002 ||| INVOKING Heroism.
 48146 | Snake:3  | 48146 ||| INVOKING Heroism.
 48497 | Snake:3  | 48497 ||| INVOKING Heroism.
 48788 | Snake:3  | 48788 ||| EATING 46 rations.
 48897 | Snake:4  | Entered Level 4 of the Snake Pit
 48898 | Snake:4  | 48898 ||| STAIRDANCE
 48915 | Snake:4  | 48915 ||| STAIRDANCE
 48941 | Snake:4  | 48941 ||| STAIRDANCE
 49201 | Snake:4  | Reached skill level 18 in Fighting
 49267 | Snake:4  | 49267 ||| STAIRDANCE
 49349 | Snake:4  | 49349 ||| INVOKING Heroism.
 49395 | Snake:4  | 49395 ||| INVOKING Heroism.
 49539 | Snake:4  | 49539 ||| INVOKING Heroism.
 49579 | Snake:4  | 49579 ||| INVOKING Heroism.
 49688 | Snake:4  | 49688 ||| STAIRDANCE
 49830 | Snake:4  | Received a gift from Okawaru
 49831 | Snake:4  | Found the +8 mithril axe "Arga" {speed, MR+}
 49842 | Snake:4  | 49842 ||| EATING 46 rations.
 49932 | Snake:4  | 49932 ||| INVOKING Heroism.
 50032 | Snake:4  | 50032 ||| INVOKING Heroism.
 50154 | Snake:4  | 50154 ||| INVOKING Heroism.
 50228 | Snake:4  | 50228 ||| INVOKING Heroism.
 50233 | Snake:4  | Received a gift from Okawaru
 50235 | Snake:4  | Reached XP level 22. HP: 94/184 MP: 27/29
 50251 | Snake:4  | HP: 41/184 [nagaraja/spear of piercing (7)]
 50252 | Snake:4  | 50252 ||| DRINKING 8 potions of heal wounds.
 50253 | Snake:4  | 50253 ||| DRINKING 7 potions of heal wounds.
 50264 | Snake:4  | HP: 46/184 [poisoned by a nagaraja (splash of poison)]
 50266 | Snake:4  | 50266 ||| DRINKING 6 potions of heal wounds.
 50272 | Snake:4  | 50272 ||| INVOKING Heroism.
 50875 | Snake:4  | 50875 ||| EATING 46 rations.
 51066 | Snake:4  | Got a serpentine rune of Zot
 51070 | Snake:4  | 51070 ||| UPGRADING to pair of embroidered boots {god gift}.
 51080 | Snake:4  | 51080 ||| DROPPING +2 pair of boots.
 51553 | Depths:1 | Entered Level 1 of the Depths
 51554 | Depths:1 | 51554 ||| Entered U.
 51700 | Depths:1 | Reached skill level 18 in Armour
 51702 | Depths:1 | 51702 ||| INVOKING Finesse.
 51804 | Depths:1 | 51804 ||| INVOKING Heroism.
 51917 | Depths:1 | 51917 ||| INVOKING Heroism.
 51973 | Depths:1 | 51973 ||| INVOKING Heroism.
 52098 | Depths:1 | Found a gateway to Hell.
 52169 | Depths:1 | 52169 ||| INVOKING Heroism.
 52235 | Depths:1 | 52235 ||| INVOKING Finesse.
 52250 | Depths:1 | 52250 ||| INVOKING Heroism.
 52250 | Depths:1 | HP: 37/187 [deep troll (18)]
 52251 | Depths:1 | 52251 ||| DRINKING 5 potions of heal wounds.
 52252 | Depths:1 | 52252 ||| DRINKING 4 potions of heal wounds.
 52364 | Depths:1 | 52364 ||| STAIRDANCE
 52568 | Depths:1 | Reached skill level 9 in Dodging
 52570 | Depths:1 | 52570 ||| INVOKING Heroism.
 52580 | Depths:1 | 52580 ||| EATING 52 rations.
 52677 | Depths:1 | Received a gift from Okawaru
 52729 | Depths:1 | 52729 ||| INVOKING Heroism.
 53268 | Depths:1 | 53268 ||| READING scroll labeled VUSMI ZONAXTAM.
 53324 | Depths:2 | 53324 ||| STAIRDANCE
 53330 | Depths:2 | 53330 ||| INVOKING Heroism.
 53339 | Depths:2 | 53339 ||| INVOKING Finesse.
 53404 | Depths:2 | 53404 ||| INVOKING Heroism.
 53603 | Depths:2 | 53603 ||| INVOKING Heroism.
 53604 | Depths:2 | 53604 ||| INVOKING Finesse.
 53624 | Depths:2 | 53624 ||| DRINKING 15 potions of curing.
 53624 | Depths:2 | 53624 ||| (to cure confusion)
 53637 | Depths:2 | 53637 ||| Stepping randomly (stuck).
 53638 | Depths:2 | 53638 ||| Stepping randomly (stuck).
 53702 | Depths:2 | 53702 ||| READING scroll of enchant weapon.
 53702 | Depths:2 | 53702 ||| ENCHANTING +6 executioner's axe of electrocution.
 53739 | Depths:2 | 53739 ||| INVOKING Heroism.
 53877 | Depths:2 | 53877 ||| INVOKING Heroism.
 53878 | Depths:2 | 53878 ||| INVOKING Finesse.
 53921 | Depths:2 | Reached XP level 23. HP: 196/196 MP: 30/30
 53924 | Depths:2 | 53924 ||| INVOKING Heroism.
 53940 | Depths:2 | 53940 ||| INVOKING Finesse.
 54075 | Depths:2 | 54075 ||| READING scroll of enchant weapon.
 54075 | Depths:2 | 54075 ||| ENCHANTING +7 executioner's axe of electrocution.
 54092 | Depths:2 | 54092 ||| INVOKING Heroism.
 54093 | Depths:2 | 54093 ||| INVOKING Finesse.
 54484 | Depths:2 | 54484 ||| INVOKING Heroism.
 54571 | Depths:2 | 54571 ||| EATING 60 rations.
 54620 | Depths:2 | 54620 ||| DRINKING 2 potions of resistance.
 54838 | Depths:2 | 54838 ||| INVOKING Heroism.
 54847 | Depths:2 | Noticed a caustic shrike
 54847 | Depths:2 | 54847 ||| INVOKING Finesse.
 54866 | Depths:2 | Killed a caustic shrike
 54911 | Depths:2 | 54911 ||| INVOKING Heroism.
 55040 | Depths:2 | 55040 ||| SWAPPING to glowing executioner's axe.
 55041 | Depths:2 | 55041 ||| SWAPPING to +8 executioner's axe of electrocution.
 55042 | Depths:2 | 55042 ||| DROPPING +1 antimagic executioner's axe.
 55149 | Depths:2 | 55149 ||| UPGRADING to shiny plate armour.
 55159 | Depths:2 | 55159 ||| UPGRADING to ring of protection.
 55161 | Depths:2 | 55161 ||| UPGRADING to +6 ring of protection.
 55163 | Depths:2 | 55163 ||| UPGRADING to +5 ring of protection.
 55165 | Depths:2 | 55165 ||| DROPPING +3 ring of evasion.
 55192 | Depths:3 | 55192 ||| INVOKING Heroism.
 55334 | Depths:3 | 55334 ||| INVOKING Heroism.
 55399 | Depths:3 | 55399 ||| INVOKING Finesse.
 55405 | Depths:3 | 55405 ||| INVOKING Heroism.
 55418 | Depths:3 | 55418 ||| Stepping randomly (cloudy).
 55539 | Depths:3 | 55539 ||| INVOKING Heroism.
 55561 | Depths:3 | Got a shimmering lead ring
 55602 | Depths:3 | 55602 ||| INVOKING Heroism.
 55603 | Depths:3 | 55603 ||| INVOKING Finesse.
 55606 | Depths:3 | Reached skill level 21 in Fighting
 55637 | Depths:3 | 55637 ||| UPGRADING to shimmering lead ring.
 55638 | Depths:3 | Identified the ring "Adulit" {MP+9 Dex+3} (You took it off a fire giant on level 3 of the Depths)
 55639 | Depths:3 | 55639 ||| UPGRADING to ring of protection from fire.
 55651 | Depths:3 | Received a gift from Okawaru
 55687 | Depths:3 | Noticed Louise
 55710 | Depths:3 | 55710 ||| INVOKING Heroism.
 55711 | Depths:3 | 55711 ||| INVOKING Finesse.
 55718 | Depths:3 | Killed Louise
 55724 | Depths:3 | Got a dazzling battleaxe {god gift}
 55725 | Depths:3 | 55725 ||| SWAPPING to dazzling battleaxe {god gift}.
 55725 | Depths:3 | Identified the +5 battleaxe of the Five Seas {freeze, rElec rPois rN++ Stlth-} (Okawaru gifted it to you on level 3 of the Depths)
 55726 | Depths:3 | 55726 ||| SWAPPING to +8 executioner's axe of electrocution.
 55727 | Depths:3 | 55727 ||| DROPPING +5 battleaxe of the Five Seas {freeze, rElec rPois rN++ Stlth-}.
 55744 | Depths:3 | Found a one-way gate to the infinite horrors of the Abyss.
 56018 | Depths:3 | Found a one-way gate leading to the halls of Pandemonium.
 56212 | Depths:3 | 56212 ||| INVOKING Heroism.
 56330 | Depths:3 | 56330 ||| INVOKING Heroism.
 56564 | Depths:3 | 56564 ||| INVOKING Finesse.
 56566 | Depths:3 | 56566 ||| INVOKING Heroism.
 56589 | Depths:3 | Reached XP level 24. HP: 200/208 MP: 26/30
 56785 | Depths:3 | Found a portal to a secret trove of treasure.
 56786 | Depths:3 | 56786 ||| UPGRADING to +6 ring of protection.
 56788 | Depths:3 | 56788 ||| DROPPING ring "Adulit" {MP+9 Dex+3}.
 56789 | Depths:3 | 56789 ||| READING 20 scrolls of identify.
 56789 | Depths:3 | 56789 ||| IDENTIFYING fuming brown potion
 56790 | Depths:3 | 56790 ||| DROPPING potion of magic.
 56813 | Depths:4 | 56813 ||| INVOKING Heroism.
 56871 | Depths:4 | 56871 ||| INVOKING Heroism.
 56872 | Depths:4 | 56872 ||| INVOKING Finesse.
 56913 | Depths:4 | Received a gift from Okawaru
 56924 | Depths:4 | 56924 ||| INVOKING Heroism.
 56985 | Depths:4 | 56985 ||| INVOKING Heroism.
 56986 | Depths:4 | 56986 ||| INVOKING Finesse.
 57001 | Depths:4 | Noticed a juggernaut
 57001 | Depths:4 | Noticed a juggernaut
 57019 | Depths:4 | Killed a juggernaut
 57026 | Depths:4 | Killed a juggernaut
 57029 | Depths:4 | Received a gift from Okawaru
 57276 | Depths:4 | 57276 ||| SWAPPING to glowing battleaxe {god gift}.
 57277 | Depths:4 | 57277 ||| SWAPPING to +8 executioner's axe of electrocution.
 57278 | Depths:4 | 57278 ||| DROPPING +2 battleaxe of flaming.
 57283 | Depths:4 | Got a brightly glowing iron amulet
 57332 | Depths:4 | 57332 ||| INVOKING Heroism.
 57857 | Depths:4 | 57857 ||| Stepping ~*~*~tactically~*~*~ (cloud).
 58026 | Depths:4 | 58026 ||| INVOKING Heroism.
 58044 | Depths:4 | Received a gift from Okawaru
 58133 | Depths:4 | 58133 ||| READING scroll of enchant weapon.
 58133 | Depths:4 | 58133 ||| ENCHANTING +8 executioner's axe of electrocution.
 58422 | Depths:4 | 58422 ||| INVOKING Heroism.
 58711 | Depths:4 | 58711 ||| READING 2 scrolls of enchant armour.
 58711 | Depths:4 | 58711 ||| ENCHANTING +1 pair of boots of flying.
 58712 | Depths:4 | 58712 ||| READING scroll of enchant armour.
 58712 | Depths:4 | 58712 ||| ENCHANTING +2 plate armour of cold resistance.
 58828 | Depths:4 | 58828 ||| UPGRADING to glowing plate armour.
 58838 | Depths:4 | 58838 ||| UPGRADING to +3 plate armour of cold resistance.
 58848 | Depths:4 | 58848 ||| DROPPING +0 plate armour of fire resistance.
 58849 | Depths:4 | 58849 ||| UPGRADING to shiny large shield {god gift}.
 58860 | Depths:4 | 58860 ||| UPGRADING to brightly glowing iron amulet.
 58860 | Depths:4 | Identified the amulet "Appephor" {Reflect -Tele rPois Int+7 SH+4} (You took it off a deep elf death mage on level 4 of the Depths)
 58861 | Depths:4 | 58861 ||| UPGRADING to +1 cloak of a sewer {rN+ Dex+3}.
 58871 | Depths:4 | 58871 ||| UPGRADING to +2 cloak of magic resistance.
 58881 | Depths:4 | 58881 ||| UPGRADING to large glass ring.
 58883 | Depths:4 | 58883 ||| REMOVING ring of poison resistance.
 58884 | Depths:4 | 58884 ||| UPGRADING to ring of protection from fire.
 58885 | Depths:4 | 58885 ||| UPGRADING to +2 large shield of reflection.
 58895 | Depths:4 | 58895 ||| DROPPING ring of poison resistance.
 58896 | Depths:4 | 58896 ||| UPGRADING to +6 ring of protection.
 58898 | Depths:4 | 58898 ||| UPGRADING to +0 large shield of fire resistance.
 58908 | Depths:4 | 58908 ||| READING scroll labeled MOVICV VUXZOEB.
 58939 | Depths:5 | Entered Level 5 of the Depths
 58940 | Depths:5 | 58940 ||| INVOKING Heroism.
 58941 | Depths:5 | 58941 ||| STAIRDANCE
 58970 | Depths:5 | 58970 ||| STAIRDANCE
 58970 | Depths:5 | Found Irymas's Jewellery Shop.
 58970 | Depths:5 | Found Tukezipn's Gadget Shoppe.
 58971 | Depths:5 | 58971 ||| INVOKING Finesse.
 58972 | Depths:5 | 58972 ||| STAIRDANCE
 58972 | Depths:5 | Found a gateway to a ziggurat.
 58973 | Depths:5 | 58973 ||| ZAPPING wand of digging (25).
 58974 | Depths:5 | 58974 ||| ZAPPING wand of digging (24).
 58984 | Depths:5 | Reached skill level 21 in Armour
 58986 | Depths:5 | 58986 ||| INVOKING Heroism.
 59084 | Depths:5 | 59084 ||| INVOKING Heroism.
 59110 | Depths:5 | 59110 ||| STAIRDANCE
 59355 | Depths:5 | Got a faintly humming large shield
 59371 | Depths:5 | Found Tatuoh's Gadget Shoppe.
 59378 | Depths:5 | Bought a +5 amulet of reflection for 659 gold pieces
 59378 | Depths:5 | Bought an uncursed ring of protection from fire for 400 gold pieces
 59380 | Depths:5 | 59380 ||| UPGRADING to faintly humming large shield.
 59390 | Depths:5 | Identified the cursed +0 large shield of Fallacy {rF+ Str+3} (You took it off a daeva on level 5 of the Depths)
 59390 | Depths:5 | 59390 ||| DROPPING +0 large shield of fire resistance.
 59391 | Depths:5 | 59391 ||| READING 15 scrolls of remove curse.
 59436 | Depths:5 | Noticed a golden dragon
 59451 | Depths:5 | Killed a golden dragon
 59467 | Depths:5 | 59467 ||| INVOKING Heroism.
 59560 | Depths:5 | 59560 ||| INVOKING Finesse.
 59562 | Depths:5 | 59562 ||| INVOKING Heroism.
 59667 | Depths:5 | 59667 ||| EATING 68 rations.
 59705 | Depths:5 | Reached XP level 25. HP: 198/219 MP: 30/30
 59750 | Depths:5 | 59750 ||| DROPPING +1 plate armour of fire resistance.
 59751 | Depths:5 | 59751 ||| UPGRADING to +0 gold dragon scales.
 60049 | Depths:5 | 60049 ||| INVOKING Heroism.
 60050 | Depths:5 | 60050 ||| INVOKING Finesse.
 60203 | Depths:5 | 60203 ||| INVOKING Heroism.
 60376 | Depths:5 | 60376 ||| INVOKING Heroism.
 60461 | Depths:5 | Found a runed door.
 60461 | Depths:5 | Found a runed door.
 60469 | Depths:5 | 60469 ||| INVOKING Heroism.
 60499 | Depths:5 | Received a gift from Okawaru
 60514 | Depths:5 | 60514 ||| INVOKING Heroism.
 60517 | Depths:5 | HP: 50/219 [black draconian/bolt of lightning (15)]
 60518 | Depths:5 | 60518 ||| DRINKING 3 potions of heal wounds.
 60525 | Depths:5 | HP: 54/219 [purple draconian/bolt of dispelling energy (12)]
 60526 | Depths:5 | 60526 ||| DRINKING 2 potions of heal wounds.
 60587 | Depths:5 | 60587 ||| STAIRDANCE
 60704 | Depths:4 | 60704 ||| EATING 67 rations.
 60820 | Depths:4 | 60820 ||| UPGRADING to +5 amulet of reflection.
 60822 | Depths:4 | 60822 ||| DROPPING ring of fire.
 60823 | Depths:4 | 60823 ||| UPGRADING to runed glass ring.
 60825 | Depths:4 | 60825 ||| REMOVING ring of stealth.
 60826 | Depths:4 | 60826 ||| DROPPING ring of stealth.
 60827 | Depths:4 | 60827 ||| UPGRADING to ring of protection from fire.
 60828 | Depths:4 | 60828 ||| UPGRADING to moonstone ring.
 60830 | Depths:4 | 60830 ||| REMOVING ring of see invisible.
 60831 | Depths:4 | 60831 ||| UPGRADING to +6 ring of protection.
 60832 | Depths:4 | 60832 ||| DROPPING ring of see invisible.
 60995 | Depths:5 | Found a runed door.
 60995 | Depths:5 | Found a runed door.
 61162 | Depths:5 | Found a runed door.
 61384 | Depths:5 | Found a runed door.
 61518 | Depths:5 | Found a gate to the Realm of Zot.
 61590 | Depths:5 | 61590 ||| UPGRADING to glowing cloak.
 61600 | Depths:5 | 61600 ||| UPGRADING to +2 cloak of poison resistance.
 61610 | Depths:5 | 61610 ||| UPGRADING to +1 cloak of a sewer {rN+ Dex+3}.
 61621 | Depths:5 | 61621 ||| UPGRADING to +2 cloak of magic resistance.
 61631 | Depths:5 | 61631 ||| DROPPING +1 cloak.
 61632 | Depths:5 | 61632 ||| UPGRADING to large silver ring.
 61634 | Depths:5 | 61634 ||| REMOVING +4 ring of intelligence.
 61635 | Depths:5 | 61635 ||| DROPPING +4 ring of intelligence.
 61636 | Depths:5 | 61636 ||| UPGRADING to ring of protection from fire.
 61637 | Depths:5 | 61637 ||| UPGRADING to +6 ring of protection.
 61925 | Vaults:4 | 61925 ||| INVOKING Finesse.
 61934 | Vaults:4 | 61934 ||| INVOKING Heroism.
 62053 | Vaults:4 | 62053 ||| INVOKING Heroism.
 62055 | Vaults:4 | Noticed Margery
 62055 | Vaults:4 | 62055 ||| INVOKING Finesse.
 62080 | Vaults:4 | Killed Margery
 62739 | Vaults:5 | Entered Level 5 of the Vaults
 62740 | Vaults:5 | 62740 ||| INVOKING Heroism.
 62741 | Vaults:5 | 62741 ||| STAIRDANCE
 62751 | Vaults:4 | 62751 ||| EATING 67 rations.
 62765 | Vaults:5 | 62765 ||| STAIRDANCE
 62888 | Vaults:5 | 62888 ||| STAIRDANCE
 62890 | Vaults:4 | 62890 ||| INVOKING Heroism.
 62938 | Vaults:5 | 62938 ||| STAIRDANCE
 62986 | Vaults:5 | 62986 ||| STAIRDANCE
 63005 | Vaults:5 | 63005 ||| STAIRDANCE
 63034 | Vaults:5 | Reached skill level 24 in Fighting
 63060 | Vaults:5 | Reached XP level 26. HP: 231/231 MP: 30/30
 63082 | Vaults:5 | 63082 ||| INVOKING Heroism.
 63175 | Vaults:5 | 63175 ||| INVOKING Heroism.
 63201 | Vaults:5 | Received a gift from Okawaru
 63359 | Vaults:5 | Got a pair of distressingly furry gloves {god gift}
 63388 | Vaults:5 | Noticed BrokenGlass's ghost (adept DEFE)
 63390 | Vaults:5 | 63390 ||| INVOKING Heroism.
 63391 | Vaults:5 | 63391 ||| INVOKING Finesse.
 63408 | Vaults:5 | Killed BrokenGlass's ghost
 63527 | Vaults:5 | 63527 ||| INVOKING Heroism.
 63593 | Vaults:5 | Got a steaming zirconium amulet
 63598 | Vaults:5 | 63598 ||| READING scroll of enchant armour.
 63598 | Vaults:5 | 63598 ||| ENCHANTING +0 gold dragon scales.
 63605 | Vaults:5 | Got a silver rune of Zot
 63862 | Vaults:5 | 63862 ||| INVOKING Heroism.
 64072 | Vaults:5 | Noticed Boris
 64073 | Vaults:5 | 64073 ||| INVOKING Heroism.
 64074 | Vaults:5 | 64074 ||| INVOKING Finesse.
 64087 | Vaults:5 | Killed Boris
 64298 | Vaults:5 | 64298 ||| INVOKING Heroism.
 64496 | Vaults:5 | 64496 ||| INVOKING Heroism.
 64497 | Vaults:5 | 64497 ||| INVOKING Finesse.
 64498 | Vaults:5 | 64498 ||| INVOKING Finesse.
 64576 | Vaults:5 | 64576 ||| INVOKING Finesse.
 64579 | Vaults:5 | 64579 ||| INVOKING Heroism.
 64596 | Vaults:5 | Got a shimmering jade ring
 64758 | Vaults:5 | 64758 ||| INVOKING Heroism.
 64759 | Vaults:5 | 64759 ||| INVOKING Finesse.
 64888 | Vaults:5 | 64888 ||| INVOKING Heroism.
 64889 | Vaults:5 | 64889 ||| INVOKING Finesse.
 65155 | Vaults:5 | Received a gift from Okawaru
 65169 | Vaults:5 | 65169 ||| DROPPING +3 plate armour of cold resistance.
 65170 | Vaults:5 | 65170 ||| UPGRADING to pair of distressingly furry gloves {god gift}.
 65180 | Vaults:5 | Identified the +0 pair of gloves "Gistriah" {rElec rN+ Int+2 Dex+3} (Okawaru gifted it to you on level 5 of the Vaults)
 65180 | Vaults:5 | 65180 ||| DROPPING +0 fire dragon scales.
 65181 | Vaults:5 | 65181 ||| UPGRADING to steaming zirconium amulet.
 65182 | Vaults:5 | Identified the amulet of Qyuh {Gourm -Tele +Inv rF+ Slay+2} (You found it on level 5 of the Vaults)
 65183 | Vaults:5 | 65183 ||| UPGRADING to amulet "Appephor" {Reflect -Tele rPois Int+7 SH+4}.
 65185 | Vaults:5 | 65185 ||| UPGRADING to +5 amulet of reflection.
 65187 | Vaults:5 | 65187 ||| UPGRADING to ring of evasion.
 65189 | Vaults:5 | 65189 ||| UPGRADING to shimmering jade ring.
 65190 | Vaults:5 | Identified the ring "Con Roimeto" {rPois rF+ rN+ MP+9} (You took it off an entropy weaver on level 5 of the Vaults)
 65191 | Vaults:5 | 65191 ||| DROPPING ring of protection from fire.
 65192 | Vaults:5 | 65192 ||| UPGRADING to +6 ring of protection.
 65194 | Vaults:5 | 65194 ||| DROPPING +4 ring of evasion.
 65627 | Temple   | Fell from the grace of Okawaru
 65627 | Temple   | Became a worshipper of the Shining One
 65642 | D:4      | 65642 ||| EATING 69 rations.
 66245 | Crypt:1  | Entered Level 1 of the Crypt
 66246 | Crypt:1  | 66246 ||| Entered C.
 66284 | Crypt:1  | Reached * piety under the Shining One
 66381 | Crypt:1  | Reached ** piety under the Shining One
 66467 | Crypt:1  | Reached XP level 27. HP: 176/243 MP: 30/30
 66552 | Crypt:1  | Reached *** piety under the Shining One
 66619 | Crypt:1  | 66619 ||| STAIRDANCE
 66955 | Crypt:1  | Reached **** piety under the Shining One
 66983 | Crypt:1  | 66983 ||| EATING 68 rations.
 67242 | Crypt:1  | Reached ***** piety under the Shining One
 67631 | Crypt:2  | Reached skill level 23 in Axes
 67635 | Crypt:2  | 67635 ||| INVOKING Summon Divine Warrior.
 67636 | Crypt:2  | 67636 ||| INVOKING Summon Divine Warrior.
 67689 | Crypt:2  | Noticed Xtahua
 67695 | Crypt:2  | Killed Xtahua
 67701 | Crypt:2  | Reached ****** piety under the Shining One
 67706 | Crypt:2  | 67706 ||| INVOKING Brand Weapon With Holy Wrath.
 67706 | Crypt:2  | Identified a +9 executioner's axe of holy wrath (a +9 executioner's axe of electrocution blessed by the Shining One)
 67706 | Crypt:2  | Received a gift from the Shining One
 68087 | Crypt:2  | Reached skill level 12 in Invocations
 68138 | Crypt:2  | 68138 ||| DRINKING 19 potions of curing.
 68138 | Crypt:2  | 68138 ||| (to cure confusion)
 68182 | Crypt:2  | 68182 ||| EATING 68 rations.
 68262 | Crypt:2  | Noticed Saint Roka
 68270 | Crypt:2  | Killed Saint Roka
 68357 | Crypt:2  | Noticed Bai Suzhen
 68369 | Crypt:2  | Killed Bai Suzhen
 68374 | Crypt:2  | 68374 ||| INVOKING Summon Divine Warrior.
 68377 | Crypt:2  | HP: 47/243 [??? (23)]
 68378 | Crypt:2  | 68378 ||| DRINKING 4 potions of heal wounds.
 68380 | Crypt:2  | 68380 ||| DRINKING 3 potions of heal wounds.
 68383 | Crypt:2  | HP: 47/243 [flayed ghost/flay_damage[a curse skull] (26)]
 68384 | Crypt:2  | 68384 ||| DRINKING 2 potions of heal wounds.
 68387 | Crypt:2  | 68387 ||| DRINKING potion of heal wounds.
 68435 | Crypt:2  | 68435 ||| DRINKING 19 potions of curing.
 68435 | Crypt:2  | 68435 ||| (to cure confusion)
 68451 | Crypt:2  | 68451 ||| INVOKING Summon Divine Warrior.
 68768 | Crypt:3  | Entered Level 3 of the Crypt
 68893 | Crypt:3  | Reached skill level 24 in Axes
 69315 | Crypt:3  | Found a staircase to the Tomb.
 69371 | Crypt:3  | 69371 ||| EATING 71 rations.
 69499 | Crypt:3  | Found an ancient bone altar of Kikubaaqudgha.
 69832 | Crypt:3  | 69832 ||| INVOKING Summon Divine Warrior.
 69971 | Crypt:3  | Reached skill level 25 in Axes
 70120 | Crypt:3  | Got a translucent pewter amulet
 70120 | Crypt:3  | Got a smoking jade ring
 70120 | Crypt:3  | Got a brightly glowing bronze ring
 70121 | Crypt:3  | 70121 ||| UPGRADING to translucent pewter amulet.
 70122 | Crypt:3  | Identified the amulet "Rapp" {Regen+ Int+6 Dex-4} (You found it on level 3 of the Crypt)
 70123 | Crypt:3  | 70123 ||| REMOVING amulet "Rapp" {Regen+ Int+6 Dex-4}.
 70124 | Crypt:3  | 70124 ||| UPGRADING to amulet "Appephor" {Reflect -Tele rPois Int+7 SH+4}.
 70125 | Crypt:3  | 70125 ||| DROPPING amulet "Rapp" {Regen+ Int+6 Dex-4}.
 70126 | Crypt:3  | 70126 ||| UPGRADING to +5 amulet of reflection.
 70128 | Crypt:3  | 70128 ||| UPGRADING to diamond ring.
 70130 | Crypt:3  | 70130 ||| REMOVING ring of wizardry.
 70131 | Crypt:3  | 70131 ||| DROPPING ring of wizardry.
 70132 | Crypt:3  | 70132 ||| UPGRADING to ring of protection from fire.
 70133 | Crypt:3  | 70133 ||| UPGRADING to ring "Con Roimeto" {rPois rF+ rN+ MP+9}.
 70135 | Crypt:3  | 70135 ||| UPGRADING to +6 ring of protection.
 70137 | Crypt:3  | 70137 ||| UPGRADING to smoking jade ring.
 70138 | Crypt:3  | Identified the ring of the Turtle {rN+ Str-3 Int+6} (You found it on level 3 of the Crypt)
 70139 | Crypt:3  | 70139 ||| REMOVING ring of the Turtle {rN+ Str-3 Int+6}.
 70140 | Crypt:3  | 70140 ||| UPGRADING to ring "Con Roimeto" {rPois rF+ rN+ MP+9}.
 70141 | Crypt:3  | 70141 ||| DROPPING ring of the Turtle {rN+ Str-3 Int+6}.
 70142 | Crypt:3  | 70142 ||| UPGRADING to brightly glowing bronze ring.
 70143 | Crypt:3  | Identified the ring "Ykeabuc" {rN+ MR+ MP-9 Str+5} (You found it on level 3 of the Crypt)
 70144 | Crypt:3  | 70144 ||| UPGRADING to +6 ring of protection.
 70146 | Crypt:3  | 70146 ||| DROPPING ring "Ykeabuc" {rN+ MR+ MP-9 Str+5}.
 70240 | Tomb:1   | Entered Level 1 of the Tomb of the Ancients
 70241 | Tomb:1   | 70241 ||| Entered W.
 70247 | Tomb:1   | 70247 ||| Stepping ~*~*~tactically~*~*~ (cloud).
 70312 | Tomb:1   | 70312 ||| Stepping ~*~*~tactically~*~*~ (cloud).
 70318 | Tomb:1   | 70318 ||| Stepping ~*~*~tactically~*~*~ (cloud).
 70319 | Tomb:1   | 70319 ||| Stepping ~*~*~tactically~*~*~ (cloud).
 70333 | Tomb:1   | 70333 ||| EATING 70 rations.
 71077 | Tomb:1   | 71077 ||| Stepping ~*~*~tactically~*~*~ (cloud).
 71084 | Tomb:1   | 71084 ||| Stepping ~*~*~tactically~*~*~ (cloud).
 71088 | Tomb:1   | 71088 ||| INVOKING Summon Divine Warrior.
 71090 | Tomb:1   | HP: 52/237 [flayed ghost/flay_damage[a mummy priest] (28)]
 71091 | Tomb:1   | 71091 ||| DRINKING potion of heal wounds.
 71104 | Tomb:1   | Noticed a greater mummy
 71114 | Tomb:1   | Killed a greater mummy
 71128 | Tomb:1   | Found the +8 demon blade "Leech" {vamp, rN+ AC-3 EV-3}
 71183 | Tomb:1   | 71183 ||| INVOKING Summon Divine Warrior.
 71210 | Tomb:1   | 71210 ||| EATING 70 rations.
 71490 | Tomb:1   | Was forgiven by Okawaru
 71705 | Tomb:2   | Noticed a greater mummy
 71705 | Tomb:2   | 71705 ||| INVOKING Summon Divine Warrior.
 71710 | Tomb:2   | Noticed a greater mummy
 71710 | Tomb:2   | Reached skill level 26 in Axes
 71711 | Tomb:2   | Noticed a greater mummy
 71712 | Tomb:2   | Noticed a greater mummy
 71715 | Tomb:2   | 71715 ||| Stepping ~*~*~tactically~*~*~ (cloud).
 71717 | Tomb:2   | Noticed an ancient lich
 71722 | Tomb:2   | HP: 57/239 [??? (28)]
 71723 | Tomb:2   | Killed a greater mummy
 71723 | Tomb:2   | Killed a greater mummy
 71725 | Tomb:2   | Killed a greater mummy
 71726 | Tomb:2   | Killed a greater mummy
 71727 | Tomb:2   | HP: 58/236 [Tzitzimitl/bolt of cold[an ancient lich] (16)]
 71730 | Tomb:2   | 71730 ||| Stepping ~*~*~tactically~*~*~ (cloud).
 71731 | Tomb:2   | HP: 24/236 [??? (11)]
 71733 | Tomb:2   | Killed an ancient lich
 71737 | Tomb:2   | HP: 8/236 [guardian mummy's death curse (34)]
 71742 | Tomb:2   | HP: 7/236 [??? (1)]
 71770 | Tomb:2   | HP: 53/233 [bennu (2)]
 71786 | Tomb:2   | 71786 ||| Stepping ~*~*~tactically~*~*~ (cloud).
 71896 | Tomb:2   | HP: 50/233 [guardian mummy's death curse (26)]
 71899 | Tomb:2   | 71899 ||| Stepping ~*~*~tactically~*~*~ (cloud).
 72183 | Tomb:2   | 72183 ||| EATING 69 rations.
 72325 | Tomb:2   | 72325 ||| UPGRADING to pair of runed gloves.
 72335 | Tomb:2   | 72335 ||| UPGRADING to +2 pair of gloves of archery.
 72345 | Tomb:2   | 72345 ||| DROPPING +0 pair of gloves of dexterity.
 72346 | Tomb:2   | 72346 ||| UPGRADING to +0 pair of gloves "Gistriah" {rElec rN+ Int+2 Dex+3}.
 72455 | Tomb:1   | Noticed a greater mummy
 72455 | Tomb:1   | Noticed a greater mummy
 72456 | Tomb:1   | Noticed a greater mummy
 72456 | Tomb:1   | 72456 ||| INVOKING Summon Divine Warrior.
 72468 | Tomb:1   | Killed a greater mummy
 72471 | Tomb:1   | Killed a greater mummy
 72473 | Tomb:1   | Noticed a greater mummy
 72475 | Tomb:1   | Noticed a greater mummy
 72480 | Tomb:1   | Killed a greater mummy
 72485 | Tomb:1   | HP: 46/231 [reaper/scythe of venom[a mummy priest's death curse] (16)]
 72488 | Tomb:1   | Killed a greater mummy
 72491 | Tomb:1   | Killed a greater mummy
 72494 | Tomb:1   | Noticed a greater mummy
 72497 | Tomb:1   | Killed a greater mummy
 72543 | Tomb:1   | Noticed a greater mummy
 72547 | Tomb:1   | Killed a greater mummy
 72555 | Tomb:1   | Noticed a greater mummy
 72557 | Tomb:1   | Killed a greater mummy
 72757 | Tomb:1   | Noticed a greater mummy
 72763 | Tomb:1   | Killed a greater mummy
 72763 | Tomb:1   | Reached skill level 24 in Armour
 72767 | Tomb:1   | Noticed a greater mummy
 72775 | Tomb:1   | Killed a greater mummy
 72793 | Tomb:1   | Noticed a greater mummy
 72798 | Tomb:1   | Killed a greater mummy
 72800 | Tomb:1   | Noticed a greater mummy
 72812 | Tomb:1   | Killed a greater mummy
 72815 | Tomb:1   | Noticed a greater mummy
 72817 | Tomb:1   | Noticed a greater mummy
 72822 | Tomb:1   | Killed a greater mummy
 72828 | Tomb:1   | Killed a greater mummy
 73170 | Tomb:2   | 73170 ||| Stepping ~*~*~tactically~*~*~ (cloud).
 73177 | Tomb:2   | 73177 ||| INVOKING Summon Divine Warrior.
 73177 | Tomb:2   | HP: 54/228 [mummy priest/divine providence (12)]
 73185 | Tomb:2   | 73185 ||| EATING 69 rations.
 73198 | Tomb:2   | 73198 ||| Stepping ~*~*~tactically~*~*~ (cloud).
 73471 | Tomb:3   | Entered Level 3 of the Tomb of the Ancients
 73477 | Tomb:3   | 73477 ||| Stepping ~*~*~tactically~*~*~ (cloud).
 73500 | Tomb:3   | 73500 ||| Stepping ~*~*~tactically~*~*~ (cloud).
 73506 | Tomb:3   | 73506 ||| Stepping ~*~*~tactically~*~*~ (cloud).
 73511 | Tomb:3   | 73511 ||| INVOKING Summon Divine Warrior.
 73512 | Tomb:3   | 73512 ||| Stepping ~*~*~tactically~*~*~ (cloud).
 73515 | Tomb:3   | HP: 54/225 [??? (27)]
 73517 | Tomb:3   | 73517 ||| Stepping ~*~*~tactically~*~*~ (cloud).
 73517 | Tomb:3   | HP: 26/225 [mummy priest/divine providence (13)]
 73520 | Tomb:3   | HP: 11/225 [mummy priest/divine providence (16)]
 73523 | Tomb:3   | The Shining One protects you from harm!
 73525 | Tomb:3   | HP: 11/223 [ushabti] (3)]
 73525 | Tomb:3   | Killed from afar by a mummy priest

Vault maps used:
D:1:      saegor_arrival_under_anarchy, minmay_tetromino_o2
D:2:      nicolae_overflow_crystal_walls, uniq_jessica
D:4:      minmay_temple_entry_hall, roderic_roman_lattice, minmay_bisected
D:5:      first_ration, dk_rats_in_the_wall
D:6:      minmay_bent
D:7:      grunt_ogre_cave, st_stairs_5, doesnt_xom_only_xom, uniq_duvessa
D:8:      st_stairs_11, minmay_misc_feat_columns
D:9:      grunt_decor_arrowhead
D:10:     minmay_lair_entry_grove, orc_0_dummy
D:11:     serial_shops, shop
D:12:     serial_shops, shop
D:13:     jmf_multi_god_temple2
D:14:     david_vaults_4, serial_shops, nicolae_shop_trees
D:15:     gammafunk_depths_entry_grave,
          portal_ice_cave_entry_animals_and_master, serial_shops, shop,
          minivault_27, hangedman_abyss_or_decor_stagger, serial_bayou_pond_e
Temple:   grunt_wide_crystal_templ
Lair:1:   grunt_megastairs_2
Lair:2:   lemuel_oklob_altar
Lair:3:   minmay_swamp_entry_worms, grunt_forest_small_clearing_treed
Lair:4:   minmay_snake_entry_guardpost_medium, minmay_lindwurm_lava,
          serial_bayou_shore_b, uniq_kirke, uniq_rupert
Lair:5:   nicolae_quartered_pool_little, minivault_11, lemuel_fruit_fields,
          minmay_lair_oklob_chamber, infiniplex_staircase_pool,
          lemuel_fruit_fields, uniq_nessos
Lair:6:   gammafunk_lair_ancient_temple, nicolae_slime_entry_slimehenge,
          st_stairs_4, columned_hall_lemuel
Swamp:1:  evilmike_swamp_ruin_rubble_1
Swamp:2:  evilmike_swamp_ruin_house_4, uniq_nikola
Swamp:3:  nicolae_swamp_treefoil, swamp_pool1, nicolae_swamp_round_clearing
Swamp:4:  swamp_fiery
Snake:1:  serial_shops, shop_scrolls, basic_altar
Snake:2:  basic_altar, hangedman_snake_pattern, serial_bayou_shore_a
Snake:3:  uniq_asterion, uniq_agnes
Snake:4:  grunt_snake_rune_serpentine_throne, nrook_loot_triangle
Orc:1:    basic_altar
Orc:2:    st_orc_town, basic_altar, nicolae_orc_lava_tube, kennysheep_orc_chapel
Vaults:1: hangedman_vaults_stagger, hangedman_vaults_maws,
          grunt_vaults_diagonal, nicolae_vaults_network_quinsquares,
          st_diamondy, hangedman_vaults_capsules, grunt_vaults_swirl,
          nicolae_vaults_asterisk, hangedman_vaults_nodes, v_misc_24,
          nicolae_vaults_little_squares_3, vaults_room_semicircle,
          vaults_room_hallway, serial_shops,
          nicolae_shop_competitors_out_of_business
Vaults:2: minmay_crypt_entry_nasty_monster, vaults_mumra_minichess_inversion,
          nicolae_vaults_twisting_passages, v_alt_pattern_2, v_misc_14,
          v_misc_32, v_alt_pattern_3, vaults_room_door_hall,
          ontoclasm_vaults_claustrophobia, vaults_standard_mumra_lines,
          ontoclasm_vaults_ring_small, ontoclasm_vaults_idyll
Vaults:3: nicolae_vaults_network_star, vaults_room_mumra_shop_pool,
          nicolae_vaults_mini_display_case, hangedman_vaults_trim,
          nicolae_vaults_windows_and_doors_thing, uniq_jory
Vaults:4: v_misc_3, v_alt_pattern_1, nicolae_vaults_little_squares_5,
          vaults_mumra_hex, serial_shops, shop, uniq_margery
Vaults:5: serial_shops, uniq_boris
Crypt:1:  nicolae_crypt_soggy_tomb, grunt_megastairs_4,
          grunt_crypt_arrival_split
Crypt:2:  evilmike_ambush, uniq_xtahua, uniq_bai_suzhen, uniq_saint_roka
Crypt:3:  church_of_pain_bobbens, lemuel_statue_altar
Depths:1: pf_hell_entry_tar_spiral, nicolae_lava_and_water, kennysheep_path_1,
          nooodl_food_tri, serial_bayou_shore_b, kennysheep_random_hallway
Depths:2: minmay_the_grid_triangle_9x9_rhombus_thin_mashed, hellmouth_1,
          evilmike_butchery
Depths:3: minmay_box_of_statues, nicolae_abyss_entry_one_way_or_another,
          hangedman_decor_points, grunt_pan_entry_spiral, enter_trove_6,
          hell_entry, kennysheep_diamond, minmay_protected_statue,
          minmay_staircase_bubble
Depths:4: grunt_arcs, infiniplex_staircase_split_hallway,
          grunt_hell_entry_dis_old, rand_demon_pan_entry_7, abyss_entry_crystal
Depths:5: evilmike_zot_entry_castle, enter_ziggurat_c,
          grunt_pan_entry_in_and_out, hell_entry, minmay_shop_grove

Skill      XL: |  1  2  3  4  5  6  7  8  9 10 11 12 13 14 15 16 17 18 19 20 21 22 23 24 25 26 27 |
---------------+----------------------------------------------------------------------------------+-----
Axes           | 3 4 5 6 9 10 11 13 14 16 17 18 19 20 21 22 26 | 26.0
Shields        | 4 5 7 9 10 11 12 13 14 15 | 15.0
Dodging        | 1 2 3 4 5 6 7 8 9 10 11 | 11.0
Fighting       | 5 6 7 8 9 10 11 12 13 14 15 16 17 18 20 21 22 24 25 | 25.6
Invocations    | 1 4 5 10 12 | 12.0
Armour         | 4 5 6 7 8 9 10 11 12 13 14 15 17 18 20 21 22 25 | 25.4

Action                   |  1- 3 |  4- 6 |  7- 9 | 10-12 | 13-15 | 16-18 | 19-21 | 22-24 | 25-27 || total
-------------------------+-------+-------+-------+-------+-------+-------+-------+-------+-------++-------
Melee: War axe           |   108 |   211 |   318 |    71 |       |       |       |       |       ||   708
       Battleaxe         |       |       |       |   607 |   131 |       |       |       |       ||   738
       Morningstar       |       |       |       |    14 |    10 |       |       |       |       ||    24
       Executioner's axe |       |       |       |       |   667 |  1086 |   954 |   990 |  1641 ||  5338
       Great mace        |       |       |       |       |     8 |    70 |       |       |       ||    78
Throw: Javelin           |       |       |       |    11 |    64 |   101 |    48 |       |       ||   224
Invok: Heroism           |       |       |    10 |    21 |    34 |    42 |    35 |    39 |    20 ||   201
       Finesse           |       |       |       |     3 |     9 |     7 |     1 |    16 |     9 ||    45
       Summon Divine War |       |       |       |       |       |       |       |       |    10 ||    10
       Brand Weapon With |       |       |       |       |       |       |       |       |     1 ||     1
Evoke: Wand              |       |       |       |       |       |       |       |     2 |       ||     2
  Use: Scroll            |     4 |     7 |     4 |    14 |    13 |     5 |     3 |     9 |     1 ||    60
       Potion            |       |     3 |     2 |     2 |       |     2 |     2 |     7 |     9 ||    27
 Stab: Petrifying        |       |       |       |       |     1 |       |       |       |       ||     1
       Confused          |       |       |       |       |       |     1 |       |       |       ||     1
       Distracted        |       |       |       |       |       |       |       |       |     2 ||     2
  Eat: Chunk             |     1 |     6 |     6 |    16 |    17 |    27 |     9 |    18 |    12 ||   112
       Ration            |       |     1 |     2 |     7 |     4 |     5 |     7 |     4 |    10 ||    40
Armor: Scale mail        |    27 |       |       |       |       |       |       |       |       ||    27
       Plate armour      |    38 |   104 |   112 |   254 |   233 |   308 |   256 |   218 |       ||  1523
       Gold dragon scale |       |       |       |       |       |       |       |       |   393 ||   393
Dodge: Dodged            |    26 |    30 |    56 |   150 |   172 |   305 |   276 |   227 |   273 ||  1515
Block: Shield            |    66 |   112 |   130 |   325 |       |       |       |       |       ||   633
       Large shield      |       |       |       |    63 |   725 |  1159 |   977 |   787 |  1400 ||  5111
       Reflection        |       |       |       |       |       |       |    56 |    54 |    67 ||   177

Table legend:
 A = Spawn XP
 B = Non-spawn XP
 C = Spawn XP percentage of total XP
 D = Spawn monster count
 E = Non-spawn monster count
 F = Spawn count percentage of total count
 G = Total turns spent on level
                    A         B        C        D         E        F      G
               +---------+---------+-------+---------+---------+-------+---------
         Total |       0 | 1478389 |   0.0 |       0 |    2446 |   0.0 | 73525
               +---------+---------+-------+---------+---------+-------+---------
           D:1 |       0 |      25 |   0.0 |       0 |      17 |   0.0 |   800
           D:2 |       0 |      71 |   0.0 |       0 |      14 |   0.0 |   548
           D:3 |       0 |     188 |   0.0 |       0 |      27 |   0.0 |  1914
           D:4 |       0 |     676 |   0.0 |       0 |      17 |   0.0 |  1361
           D:5 |       0 |     825 |   0.0 |       0 |      42 |   0.0 |  1307
           D:6 |       0 |    1590 |   0.0 |       0 |      20 |   0.0 |  1194
           D:7 |       0 |    1779 |   0.0 |       0 |      29 |   0.0 |  1665
           D:8 |       0 |    1717 |   0.0 |       0 |      22 |   0.0 |   840
           D:9 |       0 |    1292 |   0.0 |       0 |      25 |   0.0 |  1484
          D:10 |       0 |    5225 |   0.0 |       0 |      47 |   0.0 |  1990
          D:11 |       0 |    6065 |   0.0 |       0 |      28 |   0.0 |   788
          D:12 |       0 |    4386 |   0.0 |       0 |      29 |   0.0 |   959
          D:13 |       0 |    6167 |   0.0 |       0 |      25 |   0.0 |  1399
          D:14 |       0 |   17000 |   0.0 |       0 |      30 |   0.0 |  1742
          D:15 |       0 |   14104 |   0.0 |       0 |      34 |   0.0 |  1212
        Lair:1 |       0 |    4429 |   0.0 |       0 |      17 |   0.0 |  1593
        Lair:2 |       0 |    1555 |   0.0 |       0 |       5 |   0.0 |  1756
        Lair:3 |       0 |    8197 |   0.0 |       0 |      34 |   0.0 |  2413
        Lair:4 |       0 |   19030 |   0.0 |       0 |      48 |   0.0 |  2445
        Lair:5 |       0 |   10133 |   0.0 |       0 |      46 |   0.0 |  1657
        Lair:6 |       0 |   22209 |   0.0 |       0 |      73 |   0.0 |  2260
       Swamp:1 |       0 |    5830 |   0.0 |       0 |      15 |   0.0 |   826
       Swamp:2 |       0 |   14990 |   0.0 |       0 |      31 |   0.0 |  1153
       Swamp:3 |       0 |   25534 |   0.0 |       0 |      67 |   0.0 |  2577
       Swamp:4 |       0 |   17781 |   0.0 |       0 |      39 |   0.0 |  1127
       Snake:1 |       0 |   20210 |   0.0 |       0 |      39 |   0.0 |  1384
       Snake:2 |       0 |   16298 |   0.0 |       0 |      35 |   0.0 |  1014
       Snake:3 |       0 |   23604 |   0.0 |       0 |      46 |   0.0 |  1740
       Snake:4 |       0 |   60790 |   0.0 |       0 |     102 |   0.0 |  1999
         Orc:1 |       0 |    1780 |   0.0 |       0 |      24 |   0.0 |   494
         Orc:2 |       0 |   12988 |   0.0 |       0 |      99 |   0.0 |  1726
      Vaults:1 |       0 |   48644 |   0.0 |       0 |      88 |   0.0 |  2227
      Vaults:2 |       0 |   29955 |   0.0 |       0 |      47 |   0.0 |  2061
      Vaults:3 |       0 |   68333 |   0.0 |       0 |      95 |   0.0 |  2434
      Vaults:4 |       0 |   94510 |   0.0 |       0 |     109 |   0.0 |  1866
      Vaults:5 |       0 |  111208 |   0.0 |       0 |      87 |   0.0 |  2244
       Crypt:1 |       0 |   53043 |   0.0 |       0 |      73 |   0.0 |  1309
       Crypt:2 |       0 |   69887 |   0.0 |       0 |      82 |   0.0 |  1139
       Crypt:3 |       0 |   81231 |   0.0 |       0 |     117 |   0.0 |  1472
        Tomb:1 |       0 |  156546 |   0.0 |       0 |     122 |   0.0 |  2165
        Tomb:2 |       0 |   54888 |   0.0 |       0 |      74 |   0.0 |  1066
        Tomb:3 |       0 |   26778 |   0.0 |       0 |      44 |   0.0 |    54
      Depths:1 |       0 |   51721 |   0.0 |       0 |      61 |   0.0 |  1652
      Depths:2 |       0 |   73475 |   0.0 |       0 |      77 |   0.0 |  1876
      Depths:3 |       0 |   60959 |   0.0 |       0 |      82 |   0.0 |  1645
      Depths:4 |       0 |   86378 |   0.0 |       0 |      90 |   0.0 |  2641
      Depths:5 |       0 |   84365 |   0.0 |       0 |      72 |   0.0 |  2203
               +---------+---------+-------+---------+---------+-------+---------
